Cogmind - Beta 15 @@@ ROGUE MODE // 2025.07.24 @ 12:06:40 Player: Mediocre Result: Escaped singularity! Performance ------------- Evolutions (9) 4500 Regions Visited (22) 4400 Robots Destroyed (825) 4125 Value Destroyed (52438) 52438 Prototype IDs (375) 7500 Alien Tech Used (6) 1200 Bonus (117203) 117203 TOTAL SCORE: 191366 Bonus ------- Triggered High Security 1000 High Alert Combat Kills 39414 Follower Combat Kills 2027 Network Hubs Disabled 800 Registered with UFD 300 Met Optimus in HQ 500 Built Enhanced Grunts 300 A7 Reached Mainframe 300 Met R17 at Cetus 500 Found Hidden Lab 3000 Hacked Protovariant 1000 Met R17 at Research 2000 Scanned by Researcher 500 Destroyed Superfortress 15000 Met Optimus at Protoforge 1000 Completed Drillbomb Mission10000 Destroyed MAIN.C Guards 500 Met MAIN.C 5000 Destroyed MAIN.C Shell 5000 Destroyed MAIN.C 10000 Destroyed A8 300 Destroyed A6 400 Destroyed A5 500 Destroyed Architect 15000 Win 3000 Friendly Fire -138 Cogmind --------- Core Integrity 575/1600 Matter 300/300 Energy 99/100 System Corruption 4% Temperature Cool (0) Movement Core (50) Location Near Former Tau Ceti IV Parts ------- > --- POWER (3) -------- (None) > --- PROPULSION (6) --- (None) > --- UTILITY (9) ------ (None) > --- WEAPON (8) ------- (None) > --- INVENTORY (5) ---- Heavy Shield Leg Heavy Shield Leg Compact HERF Cannon Peak State ------------ > --- POWER ------------ Hybrid Graviton Reactor Hybrid Graviton Reactor Concept Zero-point Core > --- PROPULSION ------- High-density Centrium Leg High-density Centrium Leg High-density Centrium Leg High-density Centrium Leg High-density Centrium Leg High-density Centrium Leg > --- UTILITY ---------- Concept Thermoelectric Network Concept Antigrav Storage Unit Concept Core Analysis Suite Advanced Weapon Cycler Advanced Powered Armor Advanced Powered Armor Graphene Brace Experimental Force Field Experimental System Purifier > --- WEAPON ----------- Enhanced Quantum Rifle Enhanced Quantum Rifle Heavy Quantum Rifle Heavy Quantum Rifle Heavy Quantum Rifle Enhanced Nova Cannon Enhanced Nova Cannon Null Cannon > --- INVENTORY -------- Hybrid Graviton Reactor Zero-point Reactor Zero-point Reactor Centrium Leg Heavy Shield Leg Heavy Shield Leg Advanced Cooling System Concept Antigrav Storage Unit Concept Chromion Battery Concept NT7 Matterbank Advanced Powered Armor Advanced Force Field Concept Matter Streamer Crosscalibrator Transdimensional Reconstructor Transdimensional Reconstructor Quantum Rifle Enhanced Quantum Rifle Compact HERF Cannon Compact HERF Cannon Compact HERF Cannon Enhanced Nova Cannon Concept Smart ZDS [Rating: 295] Favorites ----------- Power Hybrid Graviton Reactor Engine Light Ion Engine Power Core Backup Power VII Reactor Hybrid Graviton Reactor Propulsion High-density Centrium Leg Treads Experimental Heavy Siege Treads Leg High-density Centrium Leg Wheel Wheel Hover Unit Backup Propulsion III Flight Unit Cooled Field Propulsion Drive Utility Spectral Analyzer Device Graphene Brace Storage Concept Antigrav Storage Unit Processor Spectral Analyzer Hackware Improved Hacking Suite Protection Advanced Powered Armor Weapon Overtuned Railgun Energy Gun Heavy Quantum Rifle Energy Cannon Enhanced Nova Cannon Ballistic Gun Overtuned Railgun Ballistic Cannon Battle Cannon Launcher Rocket Launcher Special Weapon Improved Remote Datajack Slashing Weapon Sigix Broadsword Piercing Weapon Spear Build | -11 -10 -10 -7 -7 -5 -5 -5 -5 -5 -5 -5 -4 -4 -4 -3 -3 -2 -2 -2 -1 -1 -1 ------- Run | Yrd Mat Sub Rec Scr Fac Was Fac Ext Cet Arc Hub Fac Arm Lab Res Qua Res Tes Frg Acc Com Ac0 Slots Evolved 18 | . . . . . 10 . . . . . . 2 . . 2 . 2 . . 2 . . Power 1 | . . . . . . . . . . . . 1 . . . . . . . . . . Propulsion 4 | . . . . . 3 . . . . . . 1 . . . . . . . . . . Utility 7 | . . . . . 6 . . . . . . . . . . . . . . 1 . . Weapon 6 | . . . . . 1 . . . . . . . . . 2 . 2 . . 1 . . Parts Attached 266 | 7 8 9 . 8 21 . 18 4 3 5 . 17 4 1 34 4 . 9 55 14 36 9 Power 22 | 1 . 2 . 1 2 . . . . . . 2 1 . 4 . . 1 6 . 1 1 Engine 6 | 1 . 2 . 1 1 . . . . . . . . . 1 . . . . . . . Core 7 | . . . . . 1 . . . . . . 1 . . . . . 1 3 . 1 . Reactor 9 | . . . . . . . . . . . . 1 1 . 3 . . . 3 . . 1 Propulsion 70 | 3 2 3 . 2 6 . 6 1 . . . 4 . . 15 . . 3 10 5 10 . Treads 16 | 1 2 3 . . . . . . . . . . . . . . . 1 2 5 2 . Leg 8 | . . . . . . . . . . . . . . . . . . . . . 8 . Wheel 2 | 2 . . . . . . . . . . . . . . . . . . . . . . Hover 2 | . . . . . . . . . . . . . . . 2 . . . . . . . Flight 42 | . . . . 2 6 . 6 1 . . . 4 . . 13 . . 2 8 . . . Utility 107 | 1 3 . . 2 11 . 11 2 2 5 . 5 1 . 15 3 . 5 18 7 14 2 Device 35 | . 1 . . . 2 . 2 . 1 1 . 1 1 . 4 . . 2 8 4 8 . Storage 9 | 1 1 . . . . . 1 . . . . . . . 1 . . 2 2 1 . . Processor 21 | . . . . 1 4 . 2 . . . . . . . 2 1 . 1 5 . 4 1 Hackware 26 | . . . . . 3 . 6 . . 4 . 4 . . 7 2 . . . . . . Protection 16 | . 1 . . 1 2 . . 2 1 . . . . . 1 . . . 3 2 2 1 Artifact . | . . . . . . . . . . . . . . . . . . . . . . . Weapon 67 | 2 3 4 . 3 2 . 1 1 1 . . 6 2 1 . 1 . . 21 2 11 6 Energy Gun 8 | . 1 . . . . . . . . . . . . . . . . . 1 . 6 . Energy Cannon 15 | . 1 . . . . . . . . . . 2 . 1 . . . . 1 . 4 6 Ballistic Gun 20 | 2 . 2 . . . . . . . . . . . . . . . . 14 2 . . Ballistic Cannon 5 | . . 1 . 1 . . . . 1 . . . . . . . . . 2 . . . Launcher 6 | . 1 1 . . . . . . . . . 1 1 . . . . . 2 . . . Special Weapon 3 | . . . . . 1 . . 1 . . . 1 . . . . . . . . . . Impact Weapon . | . . . . . . . . . . . . . . . . . . . . . . . Slashing Weapon 8 | . . . . 1 . . 1 . . . . 2 1 . . 1 . . 1 . 1 . Piercing Weapon 2 | . . . . 1 1 . . . . . . . . . . . . . . . . . Special Melee Weapon . | . . . . . . . . . . . . . . . . . . . . . . . Unidentified Prototypes 29 | . . . . . 2 . . . 2 . . 5 3 3 5 1 . 3 4 1 . . Corrupted Parts 1 | . . . . . . . . . . . . . . . . . . . . . 1 . System Corruption 5 | . . . . . . . . . . . . . . . . . . . . . 5 . Parts Lost 40 | . . 4 . . 1 . 2 . . . 1 2 6 . 2 . . . 10 1 . 11 Power 7 | . . 1 . . . . . . . . . 2 1 . . . . . 2 . . 1 Propulsion 9 | . . 1 . . 1 . 1 . . . 1 . 1 . 2 . . . 2 . . . Utility 13 | . . 1 . . . . 1 . . . . . 4 . . . . . 3 . . 4 Weapon 11 | . . 1 . . . . . . . . . . . . . . . . 3 1 . 6 Highest Loss Streak 7 | . . 1 . . 1 . 1 . . . 1 2 2 . 1 . . . 2 1 . 7 To Critical Strikes . | . . . . . . . . . . . . . . . . . . . . . . . Average Backups 16 | 4 13 13 14 10 6 7 9 8 8 9 8 9 8 9 10 15 14 13 17 22 21 21 Power 1 | 1 1 . . . 1 1 1 1 1 1 1 . . . 1 2 2 1 1 1 1 2 Propulsion 2 | 1 4 4 3 3 . 1 1 2 2 2 2 . . . . 2 2 1 . 3 2 3 Utility 8 | . 1 3 4 2 4 4 6 4 4 4 4 5 5 6 6 6 6 5 10 13 13 7 Weapon 2 | 1 5 5 6 3 . . . . 1 1 1 1 2 2 1 1 . 1 3 1 2 6 Tool/Special . | . . . . . . . . . . . . . . . . . . . . . . . Unused Backups 70 | . 4 2 . 10 2 . 1 . . . . 3 . . 2 . . 3 26 5 7 5 Power 6 | . . . . . 1 . . . . . . 1 . . . . . . 3 . . 1 Propulsion 24 | . 1 . . 2 . . . . . . . . . . . . . 1 12 3 3 2 Utility 20 | . . . . 3 1 . 1 . . . . 1 . . 2 . . 1 6 1 2 2 Weapon 16 | . 3 2 . 4 . . . . . . . . . . . . . 1 4 . 2 . Tool/Special 4 | . . . . 1 . . . . . . . 1 . . . . . . 1 1 . . Average Slot Usage (%) 78 | . 99 98 85 82 76 82 82 82 80 84 88 83 70 26 62 70 66 68 71 84 85 99 Engine 2 | . 14 13 14 14 1 . . . . . . . . . 1 . . . . . . . Core 2 | . . . . . 3 5 5 5 5 5 5 4 . . 1 9 8 8 4 . . 2 Reactor 4 | . . . . . . . . . . . . 2 3 . 3 . . . 3 11 10 7 Treads 7 | . 27 28 28 22 . . . . . . . . . . . . . . 3 12 6 . Leg 2 | . . . . . . . . . . . . . . . . . . . . . 8 23 Flight 8 | . . . . 5 18 17 17 23 23 23 22 23 25 5 18 21 20 23 16 . . . Device 9 | . 4 7 . . 4 5 6 5 5 6 5 5 4 . 5 4 4 4 8 15 15 14 Storage 5 | . 14 14 14 10 5 5 5 5 5 5 5 5 5 5 4 4 4 4 4 3 3 3 Processor 7 | . . . . 2 15 11 11 11 11 11 11 10 10 10 9 9 8 10 11 7 7 7 Hackware 3 | . . . . . 9 17 12 11 11 13 17 15 7 . 10 16 16 12 3 . . . Protection 2 | . 8 5 . . 4 5 5 5 5 3 5 4 3 . . . . . 2 2 3 6 Energy Gun 2 | . 3 . . . . . . . . . . . . . . . . . . . 8 15 Energy Cannon 1 | . 9 12 . . . . . . . . . . . . . . . . . . 3 14 Ballistic Gun 10 | . 15 4 14 10 . . . . . . . . . . . . . . 9 29 14 . Ballistic Cannon 1 | . . 9 14 12 . . . . . . . . . . . . . . . . . . Slashing Weapon 1 | . . . . 1 . . 2 . . . . 4 8 5 3 4 4 4 2 . . . Piercing Weapon 1 | . . . . 1 6 11 11 11 8 11 11 6 . . . . . . . . . . Peak Build Rating 295 | 6 9 12 11 23 77 78 89 83 87 92 97 122 122 45 122 146 153 167 265 275 295 290 Average Rating 161 | 4 7 10 11 11 63 77 81 77 77 85 91 105 89 37 86 139 146 152 200 266 261 284 On Entrance 95 | . 6 8 11 11 17 77 78 77 78 83 92 83 115 35 39 115 146 147 167 259 255 290 Naked Turns 3 | . . . . . . . . . . . . . . . . . . . . . . 3 Heaviest Build 185 | 12 32 32 28 28 28 21 32 28 35 26 26 38 44 13 39 39 39 44 110 131 185 185 Greatest Support 285 | 10 40 40 40 40 32 32 34 34 33 29 33 52 54 13 49 49 49 53 285 285 215 192 Greatest Overweight (x) 4 | 1 1 . . . . . . . 1 . . . 1 4 1 . . 1 1 . . . Average Overweight (x) . | . . . . . . . . . . . . . . . . . . . . . . . Largest Inventory Capacity 25 | 8 15 15 15 15 8 8 10 10 10 10 10 10 10 10 15 15 15 15 25 25 25 25 Average Capacity 18 | 6 14 15 15 11 8 8 9 10 10 10 10 10 10 10 11 15 15 15 19 25 25 24 Most Carried 25 | 7 15 15 15 15 8 8 10 10 10 10 10 10 10 10 15 15 15 15 25 25 25 25 Average Carried 17 | 4 13 14 15 11 6 7 9 9 9 10 9 9 9 9 10 14 14 14 18 23 24 23 Final Capacity 25 | 8 15 15 15 8 8 8 10 10 10 10 10 10 10 10 15 15 15 15 25 25 25 5 Final Carried 25 | 5 15 15 15 8 8 8 9 10 10 10 10 10 7 10 15 15 15 13 25 25 24 5 Class Distribution -------------------- 30% | Scavenger-Scrapper 22% | Mutant 15% | Hacker-Scout 6% | Scavenger-Executioner 6% | Scavenger-Sprinter 3% | Executioner 3% | Commander-Scout Dominant Class ---------------- Mutant | -10/Materials Mutant | -10/Subcaves Mutant | -7/Recycling Mutant | -7/Scraptown Hacker-Scout | -5/Factory Hacker-Scout | -5/Waste Hacker-Scout | -5/Factory Commander-Scout | -5/Extension Commander-Scout | -5/Cetus Commander-Scout | -5/Archives Hacker-Scout | -5/Hub_04(d) Hacker-Scout | -4/Factory Machinist-Scout | -4/Armory Mutant | -4/Lab Hacker-Scout | -3/Research Hacker-Scout | -3/Quarantine Hacker-Scout | -2/Research Machinist-Scout | -2/Testing Scavenger-Sprinter | -2/Protoforge Scavenger-Scrapper | -1/Access Scavenger-Scrapper | -1/Command Scavenger-Executioner | -1/Access_0 Resources | -11 -10 -10 -7 -7 -5 -5 -5 -5 -5 -5 -5 -4 -4 -4 -3 -3 -2 -2 -2 -1 -1 -1 ----------- Run | Yrd Mat Sub Rec Scr Fac Was Fac Ext Cet Arc Hub Fac Arm Lab Res Qua Res Tes Frg Acc Com Ac0 Matter Collected 80760 | 284 276 420 . 238 259 . 71 176 248 70 . 367 48 . 515 50 . 100 22234 32522 22122 760 Remotely 36852 | . . . . . . . . . . . . . . . . . . . 8710 18501 9641 . Salvage Created 62936 | 135 893 238 . . 522 . 156 90 125 244 . 616 48 . 783 543 . 177 9852 30100 17167 1247 Parts 1607 | 10 60 22 . . 21 . 8 5 4 26 . 19 2 . 33 22 . 10 424 472 425 44 Haulers Intercepted 13 | . 2 . . . 2 . 1 . . . . 2 . . 5 . . . 1 . . . Recyclers Shooed 1 | . . . . . 1 . . . . . . . . . . . . . . . . . Parts Field Recycled . | . . . . . . . . . . . . . . . . . . . . . . . Retrieved Matter . | . . . . . . . . . . . . . . . . . . . . . . . Parts Self-Destructed 12 | . . 12 . . . . . . . . . . . . . . . . . . . . Prevented . | . . . . . . . . . . . . . . . . . . . . . . . Kills | -11 -10 -10 -7 -7 -5 -5 -5 -5 -5 -5 -5 -4 -4 -4 -3 -3 -2 -2 -2 -1 -1 -1 ------- Run | Yrd Mat Sub Rec Scr Fac Was Fac Ext Cet Arc Hub Fac Arm Lab Res Qua Res Tes Frg Acc Com Ac0 Combat Hostiles Destroyed 660 | . 22 12 . . . . . 1 2 . . . . . . 5 . . 141 309 148 20 Melee 12 | . . . . . . . . 1 . . . . . . . 5 . . 6 . . . Guns 579 | . 7 1 . . . . . . . . . . . . . . . . 110 308 148 5 Cannons 29 | . 7 3 . . . . . . 2 . . . . . . . . . 8 . . 9 AOE 27 | . 7 8 . . . . . . . . . . . . . . . . 9 1 . 2 Classes Destroyed 28 | 2 7 2 . . 1 . . . . . . . . . . 1 . . 13 2 . . Worker 16 | . 2 . . . 1 . 1 . . . . . . . . . . . . 9 3 . Builder 11 | . 2 . . . . . . . . . . 1 . . . . . . . 8 . . Tunneler 3 | 3 . . . . . . . . . . . . . . . . . . . . . . Hauler 13 | . 2 . . . 2 . 1 . . . . 2 . . 5 . . . 1 . . . Recycler 9 | 1 1 . . . 1 . . . . . . 1 . . 1 . . 1 . . 3 . Carrier 82 | . . . . . . . . . . . . . . . . . . . 2 57 23 . Mechanic 29 | . . . . . 1 . . . . . . . . . . . . . 6 15 7 . Operator 17 | . 2 . . . 1 . 1 . . 7 . . . . 2 2 . . . . 2 . Drone 4 | . . . . . . . . . . . . . . . . . . . 4 . . . Watcher 27 | . 3 . . . 3 . 1 1 1 . . 6 1 . 3 3 . 2 . 1 2 . Swarmer 34 | . 9 3 . . . . . . . . . . . . . . . . 19 2 1 . Cutter 4 | . . . . . . . . . . . . . . . . . . . . 4 . . Saboteur 36 | . . . . . . . . . . . . . . . . . . . 3 22 11 . Grunt 192 | . 13 . . . . . . 1 . . . . . . . 4 . . 19 108 47 . Brawler 38 | . . . . . . . . . . . . . . . . . . . 7 21 10 . Duelist 45 | . . . . . . . . . . . . . . . . . . . 7 28 10 . Protector 40 | . . . . . . . . . . . . . . . . . . . 4 26 10 . Researcher 2 | . . . . . . . . . . . . . . . . . . . 2 . . . Sentry 13 | . . 1 . . . . . . . . . . . . . . . . 10 1 1 . Demolisher 1 | . . . . . . . . . . . . . . . . . . . . 1 . . Specialist 4 | . . . . . . . . . . . . . . . . . . . 1 3 . . Hunter 30 | . . . . . . . . . . . . . . . . . . . 9 12 9 . Programmer 64 | . . . . . . . . . . . . . . . . 1 . . 9 36 18 . Behemoth 3 | . . . . . . . . . . . . . . . . . . . . 1 2 . Cetus Guard 2 | . . . . . . . . . 2 . . . . . . . . . . . . . M Guard 2 | . . . . . . . . . . . . . . . . . . . . . 2 . Enhanced Grunt 14 | . . . . . . . . . . . . . . . . . . . . . . 14 Enhanced Hunter 2 | . . . . . . . . . . . . . . . . . . . . . . 2 Decapitator 7 | . . . . . . . . . . . . . . . . . . . 7 . . . Immortal 7 | . . . . . . . . . . . . . . . . . . . 7 . . . Combat Programmer 2 | . . . . . . . . . . . . . . . . . . . . . 2 . Investigator 5 | . . . . . . . . . . . . . . . . . . . . 3 2 . Striker 57 | . . . . . . . . . . . . . . . . . . . 16 27 14 . Executioner 42 | . . . . . . . . . . . . . . . . . . . 16 17 9 . Alpha 7 2 | . . . . . . . . . . . . . . . . . . . 2 . . . Subdweller 8 | . . 8 . . . . . . . . . . . . . . . . . . . . Best Kill Streak 43 | 4 12 3 . . 2 . 1 1 2 6 . 3 1 . 3 2 . 1 22 32 43 6 Combat Bots Only 35 | . 8 3 . . . . . 1 2 . . . . . . 1 . . 20 23 35 6 Max Kills in Single Turn 7 | 1 3 2 . . 1 . 1 1 1 1 . 1 1 . 1 1 . 1 4 7 7 1 Gunslinging 4 | . . . . . . . . . . . . . . . . . . . 1 4 3 . Exploded 3 | . 3 2 . . . . . . . . . . . . . . . . 3 1 . 1 Melee 1 | . . . . . . . . 1 . . . . . . . 1 . . 1 . . . Uniques/NPCs Destroyed 7 | . . . . . . . . . . . . . . . . . . . 1 . 2 4 Superfortress (-2/Protoforge) MAIN.C Shell (-1/Command) MAIN.C (-1/Command) A8 (-1/Access_0) A6 (-1/Access_0) A5 (-1/Access_0) Architect (-1/Access_0) Combat | -11 -10 -10 -7 -7 -5 -5 -5 -5 -5 -5 -5 -4 -4 -4 -3 -3 -2 -2 -2 -1 -1 -1 -------- Run | Yrd Mat Sub Rec Scr Fac Was Fac Ext Cet Arc Hub Fac Arm Lab Res Qua Res Tes Frg Acc Com Ac0 Hostile Shots Fired 1590 | . 62 64 . . 20 . 41 13 . 4 7 48 132 . 21 22 16 . 386 188 98 468 Missed 515 | . 20 25 . . 7 . 23 4 . 4 4 31 57 . 13 15 10 . 112 42 9 139 Deflected 2 | . . . . . . . . . . . . . . . . . . . 2 . . . Hits 1075 | . 42 39 . . 13 . 18 9 . . 3 17 75 . 8 7 6 . 274 146 89 329 Melee 33 | . . . . . . . . . . . . . 19 . . . . . 7 2 . 5 Projectile 1042 | . 42 39 . . 13 . 18 9 . . 3 17 56 . 8 7 6 . 267 144 89 324 AOE 10 | . . . . . . . . . . . . . 3 . . . . . 3 3 1 . Critical Strikes 76 | . 1 . . . . . . . 2 . 1 1 11 . 1 . 2 . 27 4 4 22 Actively Blocked 47 | . . . . . . . . . . . . . . . . . . . 17 4 4 22 Part Disruptions 2 | . . . . . . . . . . . . . . . . . . . . . . 2 Damage Taken 22275 | . 468 614 . . 272 . 426 201 51 . 173 335 1452 . 173 157 160 . 8689 2024 1257 5823 Core 2884 | . 104 86 . . 19 . 56 37 14 . . 81 498 . 66 . . . 1091 92 37 703 Absorbed by Shields 8183 | . . . . . . . . 15 25 . . . . . . . 40 . 38 1876 1286 4903 Reduced by Siege Mode 1123 | . . . . . . . . . . . . . . . . . . . 627 303 193 . Regen/Repaired (Parts) 2360 | . 15 . . . 28 . . . . . . 73 129 . . 167 72 70 1433 203 170 . Core Remaining (%) 59 | 100 . . . 24 . . . . . . 87 . . 49 . 94 . . 24 . . 35 Volleys Fired 1461 | 7 69 33 . . 2 . . . 24 . . 23 1 . . . 3 . 437 461 296 105 Largest 8 | 2 2 2 . . 1 . . . 1 . . 1 1 . . . 1 . 7 8 8 8 Hottest 795 | 40 80 93 . . 7 . . . 48 . . 90 49 . . . 90 . 280 320 740 795 Shots Fired 8475 | 14 131 44 . . 2 . . . 24 . . 23 1 . . . 3 . 1701 3629 2142 761 Gun 7761 | 14 82 3 . . . . . . . . . . . . . . . . 1527 3627 2129 379 Cannon 646 | . 43 21 . . . . . . 24 . . 22 . . . . 3 . 147 . 8 378 Launcher 65 | . 6 20 . . . . . . . . . . 1 . . . . . 27 2 5 4 Special 3 | . . . . . 2 . . . . . . 1 . . . . . . . . . . Kinetic 7448 | 14 67 12 . . . . . . 24 . . . . . . . . . 1614 3627 2090 . Thermal 916 | . 58 12 . . . . . . . . . 22 . . . . 3 . 23 . 47 751 Explosive 53 | . 6 20 . . . . . . . . . . 1 . . . . . 15 2 5 4 Electromagnetic 55 | . . . . . . . . . . . . . . . . . . . 49 . . 6 Robot Hit Streak 62 | 6 12 15 . . 6 . . . 7 . . 2 . . . . . . 62 36 23 11 Robot Miss Streak 17 | 1 5 2 . . . . . . 3 . . . 1 . . . . . 13 17 16 6 Penetration Max 2 | . . . . . . . . . 1 . . . . . . . . . 2 2 2 . Secondary Targets 319 | . . . . . . . . . . . . . . . . . . . 45 180 94 . Max Gunslinging Chain 4 | . . . . . . . . . . . . . . . . . . . 2 4 3 . Shots Hit Robots 4528 | 11 73 31 . . 27 . 12 5 13 14 . 21 1 . 19 16 . 7 783 1874 1185 436 Core Hits 2316 | 6 45 21 . . 10 . 5 2 6 8 . 11 1 . 11 8 . 3 422 974 594 189 Critical Kills 212 | 1 1 . . . . . . . 3 . . . . . . . . . 27 121 56 3 Critical Parts Destroyed 256 | . . . . . . . . . 7 . . . . . . . . . 53 124 72 . Critical Strikes 544 | 1 2 . . . 5 . . 1 11 . . 2 . . 1 1 . . 99 262 156 3 Burn 1 | . 1 . . . . . . . . . . . . . . . . . . . . . Meltdown 4 | . 1 . . . . . . . . . . . . . . . . . . . . 3 Destroy 526 | 1 . . . . . . . . 11 . . . . . . . . . 96 262 156 . Blast 3 | . . . . . . . . . . . . . . . . . . . 3 . . . Sever 2 | . . . . . . . . . . . . . . . 1 1 . . . . . . Impale 8 | . . . . . 5 . . 1 . . . 2 . . . . . . . . . . Melee Attacks 449 | . . . . . 65 . 54 18 . 23 3 97 12 5 45 32 2 17 52 . 24 . Impact . | . . . . . . . . . . . . . . . . . . . . . . . Slashing 243 | . . . . . . . . . . . . 54 12 5 45 32 2 17 52 . 24 . Piercing 206 | . . . . . 65 . 54 18 . 23 3 43 . . . . . . . . . . Sneak Attacks 56 | . . . . . 9 . 2 2 . 9 . 6 1 . 8 6 . 4 8 . 1 . Combat Hostiles 6 | . . . . . . . . 2 . . . . . . 1 3 . . . . . . Follow-up Attacks 12 | . . . . . 4 . 2 . . 1 . 5 . . . . . . . . . . Damage Inflicted 175492 | 89 1508 1515 . . 1177 . 510 247 425 754 . 1180 193 . 1302 1895 . 1005 35953 63847 44551 19341 Guns 138322 | 89 405 15 . . . . . . . . . . . . . . . . 25098 63633 42080 7002 Cannons 15516 | . 492 214 . . . . . . 425 . . . . . . . . . 3596 . . 10789 Explosions 8664 | . 578 1286 . . . . . . . . . . 56 . . . . . 4980 214 . 1550 Melee 12893 | . . . . . 1177 . 510 247 . 754 . 1180 137 . 1302 1895 . 1005 2266 . 2420 . Ramming 97 | . 33 . . . . . . . . . . . . . . . . . 13 . 51 . Kinetic 133611 | 89 241 108 . . . . . . 425 . . . . . . . . . 27762 63633 41353 . Thermal 19151 | . 656 121 . . . . . . . . . . . . . . . . . . 727 17647 Explosive 8081 | . 578 1286 . . . . . . . . . . 56 . . . . . 4397 214 . 1550 Electromagnetic 1659 | . . . . . . . . . . . . . . . . . . . 1515 . . 144 Impact . | . . . . . . . . . . . . . . . . . . . . . . . Slashing 9738 | . . . . . . . . . . . . 713 137 . 1302 1895 . 1005 2266 . 2420 . Piercing 3155 | . . . . . 1177 . 510 247 . 754 . 467 . . . . . . . . . . Highest Corruption 23 | . . . . . . . 1 1 1 1 1 . . . . . . . 23 3 14 4 Average Corruption 6 | . . . . . . . 1 1 1 1 1 . . . . . . . 12 2 6 1 Corruption Purged 23 | . . . . . . . 1 . . 1 . . . . . . . . . . 21 . Corruption Blocked . | . . . . . . . . . . . . . . . . . . . . . . . Effects 449 | . . . . . . . 1 5 3 1 . . . . . . . . 265 40 125 9 Message Errors 103 | . . . . . . . . 1 1 . . . . . . . . . 64 8 26 3 Matter Fused 83 | . . . . . . . . 1 . . . . . . . . . . 46 13 22 1 Heat Flow Errors 48 | . . . . . . . . 1 . 1 . . . . . . . . 22 6 15 3 Energy Discharges 35 | . . . . . . . . . . . . . . . . . . . 17 2 15 1 Parts Rejected 9 | . . . . . . . 1 1 . . . . . . . . . . 4 . 3 . Parts Fused 4 | . . . . . . . . . . . . . . . . . . . 2 . 2 . Data Loss (minor) 49 | . . . . . . . . . . . . . . . . . . . 34 2 13 . Data Loss (major) 14 | . . . . . . . . . . . . . . . . . . . 8 1 5 . Misfires 4 | . . . . . . . . . . . . . . . . . . . . 1 3 . Alerts 9 | . . . . . . . . 1 2 . . . . . . . . . 3 2 1 . Misdirections 10 | . . . . . . . . . . . . . . . . . . . 9 . 1 . Weapon Failures 81 | . . . . . . . . . . . . . . . . . . . 56 5 19 1 Overload Shots 5 | . . . . . . . . . . . . . . . . . . . 5 . . . Effects 1 | . . . . . . . . . . . . . . . . . . . 1 . . . Short Circuit 1 | . . . . . . . . . . . . . . . . . . . 1 . . . Overflow Damage 2531 | . . . . . 168 . 29 6 . 95 . 42 . . 58 402 . 279 1137 . 68 247 Projectiles 150 | . . . . . . . . . . . . . . . . . . . 53 . . 97 Explosions 390 | . . . . . . . . . . . . . . . . . . . 240 . . 150 Melee 1991 | . . . . . 168 . 29 6 . 95 . 42 . . 58 402 . 279 844 . 68 . Knockbacks . | . . . . . . . . . . . . . . . . . . . . . . . Impact . | . . . . . . . . . . . . . . . . . . . . . . . Kinetic . | . . . . . . . . . . . . . . . . . . . . . . . Secondary . | . . . . . . . . . . . . . . . . . . . . . . . Self-Inflicted Damage . | . . . . . . . . . . . . . . . . . . . . . . . Shots . | . . . . . . . . . . . . . . . . . . . . . . . Rammed 12 | . 8 . . . . . . . . . . . . . . . . . 2 1 1 . Targets Rammed 13 | . 8 . . . . . . . . . . . . . . . . . 2 1 2 . Kicked 1 | . . . . . . . . . . . . . . . . . . . . . 1 . Crushed . | . . . . . . . . . . . . . . . . . . . . . . . Highest Temperature 443 | . 322 6 . . 3 . 187 177 4 243 28 356 238 . 29 42 443 126 186 203 203 183 Average Temperature 135 | . 73 4 . . 2 . 105 97 4 128 11 85 95 . 21 29 242 71 141 144 135 157 Received Heat Transfer 2000 | . 201 132 . . 84 . 30 57 . . . 88 63 . 57 30 623 . 543 48 44 . Effects 27 | . 1 . . . . . . . . . . . . . . . . . . 14 12 . Energy Bleed 14 | . 1 . . . . . . . . . . . . . . . . . . 7 6 . Interference 13 | . . . . . . . . . . . . . . . . . . . . 7 6 . Siege Activations 36 | . . . . . . . . . . . . . . . . . . . 10 19 7 . Total Turns 3512 | . . . . . . . . . . . . . . . . . . . 109 2073 1330 . Longest Duration 864 | . . . . . . . . . . . . . . . . . . . 37 571 864 . Martial Activations . | . . . . . . . . . . . . . . . . . . . . . . . Shielding Activations . | . . . . . . . . . . . . . . . . . . . . . . . Robots Disrupted 2 | . . . . . . . . . . . . . . . . . . . 2 . . . Combat Hostiles 2 | . . . . . . . . . . . . . . . . . . . 2 . . . Robots Corrupted 9 | . . . . . . . . . . . . . . . . . . . 8 . . 1 Combat Hostiles 9 | . . . . . . . . . . . . . . . . . . . 8 . . 1 Parts Fried 11 | . . . . . . . . . . . . . . . . . . . 6 . . 5 Impact Corruptions . | . . . . . . . . . . . . . . . . . . . . . . . Robots Melted 4 | . 1 . . . . . . . . . . . . . . . . . . . . 3 Combat Hostiles 4 | . 1 . . . . . . . . . . . . . . . . . . . . 3 Parts Melted 22 | . 2 . . . . . . . . . . . . . . . . . . 3 . 17 Heat Transferred 10074 | . 1591 259 . . . . . . . . . . . . . . . . . . 777 7447 Parts Sabotaged . | . . . . . . . . . . . . . . . . . . . . . . . Parts Stolen . | . . . . . . . . . . . . . . . . . . . . . . . Parts Stripped . | . . . . . . . . . . . . . . . . . . . . . . . Power Chain Reactions 1 | . . . . . . . . . . . . . 1 . . . . . . . . . Alert | -11 -10 -10 -7 -7 -5 -5 -5 -5 -5 -5 -5 -4 -4 -4 -3 -3 -2 -2 -2 -1 -1 -1 ------- Run | Yrd Mat Sub Rec Scr Fac Was Fac Ext Cet Arc Hub Fac Arm Lab Res Qua Res Tes Frg Acc Com Ac0 Maximum Alert Level 5 | . 1 . . . 1 . 1 2 1 1 2 1 2 . 1 1 . . 5 5 5 . Low Security (%) 28 | 100 79 . 100 . 69 100 84 22 . 41 38 91 21 . 77 95 100 100 15 . . . Level 1 9 | . 20 . . . 30 . 15 40 99 58 12 8 44 . 22 4 . . 7 . . . Level 2 5 | . . . . . . . . 36 . . 49 . 34 . . . . . 18 . . . Level 3 7 | . . . . . . . . . . . . . . . . . . . 33 . . . Level 4 2 | . . . . . . . . . . . . . . . . . . . 11 . . . Level 5 21 | . . . . . . . . . . . . . . . . . . . 14 8 65 . High Security 24 | . . . . . . . . . . . . . . . . . . . . 91 34 . Max Security . | . . . . . . . . . . . . . . . . . . . . . . . Sterilizations 1 | . . . . . . . . . . . . . . . . . . . . 1 . . Peak Influence 12141 | 10 299 . 40 . 344 10 261 538 382 337 614 314 661 . 262 232 174 124 3846 11605 12141 . Initial 7427 | . . . . . . 10 . 81 266 116 110 289 152 . . 63 78 97 31 2307 7427 . Average 3245 | . 96 . 7 . 120 1 105 314 317 240 374 87 365 . 83 109 79 95 932 8095 10432 . Influence Increases 28506 | 20 713 150 60 . 693 . 710 1075 425 311 680 812 683 . 724 610 156 100 4685 9506 5073 1320 Destroy 0b10 Robot/C 14460 | . 440 80 . . 20 . 60 480 160 80 200 . . . . 100 . . 2740 6860 3240 . Destroy 0b10 Robot/NC 940 | 20 60 . . . 45 . 25 40 10 45 . 50 5 . 50 25 . 15 80 295 175 . Destroy Leader 2592 | . 100 10 . . 20 . 24 56 . . 40 16 2 . 16 16 . 4 360 1322 606 . Allied During Kill 755 | . . . . . . . . 258 162 125 210 . . . . . . . . . . . Trap Triggered on 0b10 90 | . . . . . . . . . . . . 90 . . . . . . . . . . Successful Hack 854 | . 23 . . . 97 . 66 25 . . 29 94 18 . 277 116 12 15 82 . . . Select Force Hacks 300 | . 60 . 60 . 30 . . . . . 100 . 50 . . . . . . . . . Disable Machine 915 | . . . . . 15 . 45 45 15 30 30 15 30 . 30 60 . 45 330 30 150 45 Anti-Garrison Action 200 | . . . . . . . . . . . . . . . . . . . . 150 50 . Destroy Structure 3875 | . 30 . . . 46 . 70 96 48 16 26 142 38 . 36 8 9 21 403 774 837 1275 Partial Spotted 585 | . . . . . 60 . 15 15 . 15 45 135 105 . 45 45 15 . 90 . . . Lose Combat Pursuer 2940 | . . 60 . . 360 . 405 60 30 . . 270 435 . 270 240 120 . 600 75 15 . Influence Decreases 27296 | 20 451 412 60 . 662 31 542 767 610 285 407 1090 490 505 610 585 121 217 896 1747 4376 12412 Entered New Map 20026 | . . 126 . . . 21 . 87 210 175 207 301 160 505 . 51 61 77 26 1539 4178 12302 Time Decay 4948 | 20 451 266 60 . 322 10 392 410 180 110 90 454 120 . 323 374 60 140 770 198 198 . Search Patrol Dispatched 150 | . . . . . . . . . . . . . 150 . . . . . . . . . Lost Part 375 | . . 20 . . 10 . 20 . . . 10 15 60 . 20 . . . 100 10 . 110 Lost Ally 780 | . . . . . 30 . 130 270 220 . 100 20 . . . 10 . . . . . . Purge Threat 1017 | . . . . . 300 . . . . . . 300 . . 267 150 . . . . . . Squads Dispatched 226 | . 5 . . . 13 . 19 5 . . 6 17 9 . 12 3 4 6 11 80 36 . Investigation 64 | . 3 . . . 8 . 13 3 . . 5 12 3 . 10 . 1 . 6 . . . Extermination 18 | . . . . . 2 . 4 . . . 1 4 2 . . 2 1 1 1 . . . Reinforcement 27 | . 2 . . . 3 . 2 2 . . . 1 4 . 2 1 2 3 4 1 . . Assault 117 | . . . . . . . . . . . . . . . . . . 2 . 79 36 . Garrison . | . . . . . . . . . . . . . . . . . . . . . . . Intercept . | . . . . . . . . . . . . . . . . . . . . . . . Searches Triggered 1 | . . . . . . . . . . . . . 1 . . . . . . . . . Construction Impeded 3 | . . . . . . . . 2 . . . . . . . . . . . 1 . . Haulers Reinforced 4 | . . . . . 1 . 1 . . . . . . . 1 . . 1 . . . . Active Scanning Responses . | . . . . . . . . . . . . . . . . . . . . . . . Cargo Convoy Interrupts . | . . . . . . . . . . . . . . . . . . . . . . . Stealth | -11 -10 -10 -7 -7 -5 -5 -5 -5 -5 -5 -5 -4 -4 -4 -3 -3 -2 -2 -2 -1 -1 -1 --------- Run | Yrd Mat Sub Rec Scr Fac Was Fac Ext Cet Arc Hub Fac Arm Lab Res Qua Res Tes Frg Acc Com Ac0 Distress Signals 53 | . 3 . . . . . 1 3 2 . . 1 1 . 9 2 . 1 13 . 17 . Communications Jammed 2 | . . . . . . . . . . . . . . . . . . . 2 . . . Distress Signals 2 | . . . . . . . . . . . . . . . . . . . 2 . . . Times Spotted 1067 | . 28 16 . . 38 . 34 24 11 7 11 39 48 . 29 25 16 5 210 301 177 48 Peak Tracking Total 24 | . 5 3 . . 9 . 12 3 5 1 9 10 24 . 8 9 13 2 13 13 12 7 Tactical Retreats 91 | . . 3 . . 9 . 9 3 2 . . 7 8 . 9 6 2 . 28 4 1 . Traps | -11 -10 -10 -7 -7 -5 -5 -5 -5 -5 -5 -5 -4 -4 -4 -3 -3 -2 -2 -2 -1 -1 -1 ------- Run | Yrd Mat Sub Rec Scr Fac Was Fac Ext Cet Arc Hub Fac Arm Lab Res Qua Res Tes Frg Acc Com Ac0 Traps Triggered 34 | . 3 1 . . 2 . 2 2 . . . 3 1 . . . 1 . 14 2 3 . Indirectly . | . . . . . . . . . . . . . . . . . . . . . . . Trap Hack Attempts . | . . . . . . . . . . . . . . . . . . . . . . . Triggered . | . . . . . . . . . . . . . . . . . . . . . . . Disarmed 6 | . . . . . . . . . . . . 6 . . . . . . . . . . Reprogrammed 19 | . . . . . . . . . . . . 16 . . 2 1 . . . . . . Reused 9 | . . . . . . . . . . . . 9 . . . . . . . . . . Traps Extracted . | . . . . . . . . . . . . . . . . . . . . . . . Installed . | . . . . . . . . . . . . . . . . . . . . . . . Triggered 9 | . . . . . . . . . . . . 9 . . . . . . . . . . Machines | -11 -10 -10 -7 -7 -5 -5 -5 -5 -5 -5 -5 -4 -4 -4 -3 -3 -2 -2 -2 -1 -1 -1 ---------- Run | Yrd Mat Sub Rec Scr Fac Was Fac Ext Cet Arc Hub Fac Arm Lab Res Qua Res Tes Frg Acc Com Ac0 Machines Disabled 85 | . 1 3 . . 1 . 3 3 1 2 2 1 2 1 2 5 . 3 33 6 13 3 Max in Single Turn 2 | . 1 2 . . 1 . . 1 1 1 1 1 1 1 1 1 . 1 2 1 2 1 Garrison Access 13 | . . . . . . . . . . . . 3 . . 4 1 . 1 1 3 . . Phase Generator 1 | . . . . . . . . . . . . . . . . . . . . . 1 . Network Hub 4 | . . . . . . . . . . . 4 . . . . . . . . . . . Energy Cycler 1 | . . . . . . . . . . . . . . . . . . . . 1 . . Machines Repaired . | . . . . . . . . . . . . . . . . . . . . . . . Machines Dismantled 5 | . . . . . . . . 2 1 . 2 . . . . . . . . . . . Machines Sabotaged 2 | . . . . . . . . . . . 2 . . . . . . . . . . . Overloaded Fab Kills 1 | . . . . . . . . . . . . . 1 . . . . . . . . . Hacking | -11 -10 -10 -7 -7 -5 -5 -5 -5 -5 -5 -5 -4 -4 -4 -3 -3 -2 -2 -2 -1 -1 -1 --------- Run | Yrd Mat Sub Rec Scr Fac Was Fac Ext Cet Arc Hub Fac Arm Lab Res Qua Res Tes Frg Acc Com Ac0 Machines Accessed 163 | . 8 1 6 2 19 . 22 13 1 . 5 30 8 . 25 9 2 3 9 . . . Terminals 91 | . 5 . 4 . 10 . 10 12 1 . 5 16 5 . 10 7 1 2 3 . . . Fabricators 21 | . . . . . . . 6 . . . . 5 1 . 4 . 1 . 4 . . . Repair Stations 8 | . 1 . . . 2 . . . . . . 1 1 . 2 1 . . . . . . Recycling Units 27 | . 2 . 2 . 7 . 4 1 . . . 5 1 . 4 . . . 1 . . . Scanalyzers 2 | . . . . . . . 1 . . . . . . . 1 . . . . . . . Garrison Access 11 | . . . . . . . 1 . . . . 3 . . 4 1 . 1 1 . . . Total Hacks 661 | . 28 1 15 7 58 . 61 24 1 . 19 169 22 . 139 61 13 16 27 . . . Successful 444 | . 18 1 6 7 42 . 44 13 . . 10 139 12 . 83 40 8 7 14 . . . Failed 217 | . 10 . 9 . 16 . 17 11 1 . 9 30 10 . 56 21 5 9 13 . . . Catastrophic 33 | . . . 1 . 2 . 4 . . . . 2 4 . 12 1 1 3 3 . . . Database Lockouts . | . . . . . . . . . . . . . . . . . . . . . . . Manual 344 | . 22 . 7 . 34 . 22 7 1 . 18 100 16 . 55 33 9 14 6 . . . Terminals 450 | . 23 . 9 . 40 . 24 23 1 . 19 127 17 . 85 55 7 15 5 . . . Fabricators 97 | . . . . . . . 27 . . . . 26 1 . 19 . 6 . 18 . . . Repair Stations 18 | . 1 . . . 4 . . . . . . 1 2 . 7 3 . . . . . . Recycling Units 58 | . 4 . 6 . 14 . 4 1 . . . 8 2 . 16 . . . 3 . . . Scanalyzers 7 | . . . . . . . 4 . . . . . . . 3 . . . . . . . Garrison Access 23 | . . . . . . . 2 . . . . 7 . . 9 3 . 1 1 . . . Terminal Hacks 181 | . 5 1 1 7 15 . 8 8 . . 5 61 6 . 28 24 4 5 3 . . . Record 2 | . . . . 1 . . . . . . . . . . . . . . 1 . . . Part Schematic 6 | . . . . . 2 . . . . . . 2 . . 1 1 . . . . . . Robot Analysis 8 | . . . . 6 . . . . . . . . . . 1 1 . . . . . . Prototype ID Bank 22 | . 1 . 1 . 2 . 1 . . . . 8 . . 5 4 . . . . . . Open Door 9 | . . . . . . . . 8 . . . . 1 . . . . . . . . . Level Access Points 3 | . . . . . . . . . . . 1 . . . 1 1 . . . . . . Branch Access Points 3 | . . . . . 1 . . . . . . 1 . . 1 . . . . . . . Machine Index 3 | . . . . . . . 1 . . . . 1 . . 1 . . . . . . . Terminal Index 4 | . . . . . 1 . . . . . 1 1 1 . . . . . . . . . Fabricator Index 1 | . . . . . . . . . . . . 1 . . . . . . . . . . Repair Station Index 1 | . . . . . . . . . . . . . 1 . . . . . . . . . Recycling Unit Index 1 | . . . . . . . . . . . . 1 . . . . . . . . . . Alert Level 7 | . . . . . 1 . 1 . . . . 3 . . 1 1 . . . . . . Unreport Threat 7 | . . . . . 2 . . . . . . 2 . . 2 1 . . . . . . Locate Traps 16 | . . . . . 2 . 2 . . . . 8 . . 3 1 . . . . . . Disarm Traps 1 | . . . . . . . . . . . . 1 . . . . . . . . . . Reprogram Traps 7 | . . . . . . . . . . . . 5 . . 1 1 . . . . . . Dispatch Records 9 | . . . . . 1 . . . . . . 2 1 . 2 2 1 . . . . . Patrol Status 6 | . 1 . . . . . . . . . . 3 . . 1 1 . . . . . . Recall Investigation 8 | . . . . . . . 1 . . . . 5 . . 1 . 1 . . . . . Recall Extermination 4 | . . . . . . . . . . . . 3 . . . 1 . . . . . . Recall Reinforcements 9 | . . . . . 3 . . . . . . 1 2 . . 1 2 . . . . . Recall Assault 1 | . . . . . . . . . . . . . . . . . . 1 . . . . Hauler Manifests 1 | . 1 . . . . . . . . . . . . . . . . . . . . . Registered Components 3 | . . . . . . . . . . . . 1 . . 1 1 . . . . . . Registered Prototypes 3 | . . . . . . . . . . . . 1 . . 1 1 . . . . . . Zone Layout 32 | . 2 . . . . . 2 . . . 3 11 . . 5 6 . 2 1 . . . Proto ID Catalog 2 | . . 1 . . . . . . . . . . . . . . . . 1 . . . Protovariant Controls 2 | . . . . . . . . . . . . . . . . . . 2 . . . . Fabricator Hacks 53 | . . . . . . . 16 . . . . 16 . . 11 . 3 . 7 . . . Network Status 3 | . . . . . . . 1 . . . . 1 . . . . 1 . . . . . Load Schematic 32 | . . . . . . . 10 . . . . 10 . . 7 . 1 . 4 . . . Build 18 | . . . . . . . 5 . . . . 5 . . 4 . 1 . 3 . . . Repair Station Hacks 9 | . . . . . 4 . . . . . . . 1 . 2 2 . . . . . . Scan Component 3 | . . . . . 1 . . . . . . . 1 . . 1 . . . . . . Repair 2 | . . . . . 1 . . . . . . . . . . 1 . . . . . . Refit 4 | . . . . . 2 . . . . . . . . . 2 . . . . . . . Recycling Unit Hacks 13 | . . . 1 . 3 . . . . . . 3 1 . 5 . . . . . . . Retrieve Components 13 | . . . 1 . 3 . . . . . . 3 1 . 5 . . . . . . . Scanalyzer 7 | . . . . . . . 4 . . . . . . . 3 . . . . . . . Insert Component 2 | . . . . . . . 1 . . . . . . . 1 . . . . . . . Analyze 5 | . . . . . . . 3 . . . . . . . 2 . . . . . . . Garrison Access Hacks 10 | . . . . . . . . . . . . 3 . . 4 1 . 1 1 . . . Seal Access 10 | . . . . . . . . . . . . 3 . . 4 1 . 1 1 . . . Unauthorized Hacks 170 | . 13 . 4 . 20 . 16 5 . . 5 56 4 . 30 12 1 1 3 . . . Terminals 117 | . 10 . 2 . 13 . 4 4 . . 5 42 1 . 21 12 . 1 2 . . . Track 15 | . 1 . . . . . . . . . . 10 . . 3 1 . . . . . . Assimilate 10 | . . . . . 1 . 1 1 . . . 5 . . 1 1 . . . . . . Botnet 45 | . 4 . 1 . 7 . 3 1 . . . 14 1 . 7 5 . 1 1 . . . Operators 3 | . 1 . . . . . . . . . . 1 . . 1 . . . . . . . Skim 39 | . 4 . 1 . 5 . . 2 . . . 12 . . 9 5 . . 1 . . . Sabotage 5 | . . . . . . . . . . . 5 . . . . . . . . . . . Fabricators 23 | . . . . . . . 8 . . . . 8 1 . 5 . 1 . . . . . Report 2 | . . . . . . . 1 . . . . 1 . . . . . . . . . . Prioritize 4 | . . . . . . . 1 . . . . 1 . . 1 . 1 . . . . . Liberate 3 | . . . . . . . 1 . . . . 1 . . 1 . . . . . . . Haulers 2 | . . . . . . . 1 . . . . 1 . . . . . . . . . . Overload 1 | . . . . . . . . . . . . . 1 . . . . . . . . . Recompile 11 | . . . . . . . 4 . . . . 4 . . 3 . . . . . . . Repair Stations 3 | . 1 . . . . . . . . . . 1 1 . . . . . . . . . Patch 3 | . 1 . . . . . . . . . . 1 1 . . . . . . . . . Recycling Units 27 | . 2 . 2 . 7 . 4 1 . . . 5 1 . 4 . . . 1 . . . Tunnel 5 | . 2 . 2 . 1 . . . . . . . . . . . . . . . . . Fedlink 20 | . . . . . 6 . 3 . . . . 5 1 . 4 . . . 1 . . . Scrapoids 2 | . . . . . . . 1 1 . . . . . . . . . . . . . . Scanalyzers . | . . . . . . . . . . . . . . . . . . . . . . . Garrison Access . | . . . . . . . . . . . . . . . . . . . . . . . Data Cores Recovered 5 | . . . . . 1 . 1 . . . . . . . 1 1 . . . . 1 . Used 4 | . . . . . 1 . 1 . . . . . . . 1 1 . . . . . . Hacking Detections 103 | . 6 . 6 . 15 . 16 7 1 . 3 15 3 . 14 7 2 2 6 . . . Full Trace Events 14 | . . . . . 1 . 4 2 . . . 1 . . 1 . 1 . 4 . . . Feedback Events . | . . . . . . . . . . . . . . . . . . . . . . . Feedback Blocked . | . . . . . . . . . . . . . . . . . . . . . . . Robot Schematics Acquired 2 | . . . . . . . . . . . . . . . . . . . 2 . . . Robots Built . | . . . . . . . . . . . . . . . . . . . . . . . Authchips . | . . . . . . . . . . . . . . . . . . . . . . . Time . | . . . . . . . . . . . . . . . . . . . . . . . Total Robot Build Rating . | . . . . . . . . . . . . . . . . . . . . . . . Part Schematics Acquired 14 | . . . . . 2 . 1 . . . . 2 . . 2 1 . . 6 . . . Parts Built 17 | . . . . . . . 4 . . . . 5 . . 4 . 1 . 3 . . . Authchips 11 | . . . . . . . 4 . . . . 4 . . 3 . . . . . . . Time 952 | . . . . . . . 367 . . . . 230 . . 158 . 31 . 166 . . . Total Part Build Rating 113 | . . . . . . . 20 . . . . 35 . . 29 . 7 . 22 . . . Parts Repaired 2 | . . . . . 1 . . . . . . . . . . 1 . . . . . . Time 42 | . . . . . 22 . . . . . . . . . . 20 . . . . . . Parts Recycled . | . . . . . . . . . . . . . . . . . . . . . . . Recycled Matter . | . . . . . . . . . . . . . . . . . . . . . . . Retrieved Matter . | . . . . . . . . . . . . . . . . . . . . . . . Retrieved Components 48 | . . . . . 1 . . . . . . 8 3 . 36 . . . . . . . Parts Scanalyzed 2 | . . . . . . . 1 . . . . . . . 1 . . . . . . . Part Schematics Acquired 2 | . . . . . . . 1 . . . . . . . 1 . . . . . . . Parts Damaged 1 | . . . . . . . . . . . . . . . 1 . . . . . . . Bothacking | -11 -10 -10 -7 -7 -5 -5 -5 -5 -5 -5 -5 -4 -4 -4 -3 -3 -2 -2 -2 -1 -1 -1 ------------ Run | Yrd Mat Sub Rec Scr Fac Was Fac Ext Cet Arc Hub Fac Arm Lab Res Qua Res Tes Frg Acc Com Ac0 Used RIF Installer . | . . . . . . . . . . . . . . . . . . . . . . . Robots Hacked 1 | . . . . . . . . . . . . 1 . . . . . . . . . . Non-combat 1 | . . . . . . . . . . . . 1 . . . . . . . . . . Combat . | . . . . . . . . . . . . . . . . . . . . . . . Robot Hacks Applied 1 | . . . . . . . . . . . . 1 . . . . . . . . . . find_chute 1 | . . . . . . . . . . . . 1 . . . . . . . . . . Relay Couplers Released 2 | . . . . . . . . . . . . 2 . . . . . . . . . . Machine Destruction 2 | . . . . . . . . . . . . 2 . . . . . . . . . . Fabnet Peak Effective % . | . . . . . . . . . . . . . . . . . . . . . . . Robots Rewired 7 | . . . . . 1 . . 6 . . . . . . . . . . . . . . Allies Hacked 4 | . . . . . . . 4 . . . . . . . . . . . . . . . Hacks Repelled . | . . . . . . . . . . . . . . . . . . . . . . . Allies | -11 -10 -10 -7 -7 -5 -5 -5 -5 -5 -5 -5 -4 -4 -4 -3 -3 -2 -2 -2 -1 -1 -1 -------- Run | Yrd Mat Sub Rec Scr Fac Was Fac Ext Cet Arc Hub Fac Arm Lab Res Qua Res Tes Frg Acc Com Ac0 Total Allies 47 | . . . . . 2 . 9 26 5 . . 3 . . 1 1 . . . . . . Largest Group 13 | . . . . . 1 . 5 11 13 5 5 3 . . 1 1 . . . . . . Highest-Rated Group 811 | . . . . . 49 . 238 443 811 404 404 30 . . 26 26 . . . . . . Highest-Rated Ally 159 | . . . . . 49 . 50 159 159 96 96 10 . . 26 26 . . . . . . Total Orders 83 | . . . . . 3 . 2 48 8 6 3 12 . . . 1 . . . . . . STAY 55 | . . . . . 1 . 1 35 3 5 2 7 . . . 1 . . . . . . ROAM 4 | . . . . . 1 . . 2 1 . . . . . . . . . . . . . FOLLOW 22 | . . . . . 1 . 1 11 2 1 1 5 . . . . . . . . . . GUARD 2 | . . . . . . . . . 2 . . . . . . . . . . . . . Ally Attacks 398 | . . . . . 5 . 42 208 66 34 43 . . . . . . . . . . . Total Damage 10010 | . . . . . 192 . 865 4487 1650 1453 1363 . . . . . . . . . . . Kills 59 | . . . . . 1 . 4 31 7 6 10 . . . . . . . . . . . Allies Corrupted 4 | . . . . . . . 2 . . . 2 . . . . . . . . . . . Allies Melted 6 | . . . . . . . . . . . . . . . . . . . 6 . . . Intel | -11 -10 -10 -7 -7 -5 -5 -5 -5 -5 -5 -5 -4 -4 -4 -3 -3 -2 -2 -2 -1 -1 -1 ------- Run | Yrd Mat Sub Rec Scr Fac Was Fac Ext Cet Arc Hub Fac Arm Lab Res Qua Res Tes Frg Acc Com Ac0 Active Infowar (turns) 28117 | . 477 767 . 262 816 104 1256 984 376 226 184 1617 251 2339 1031 864 125 286 6069 4838 5245 . Optics 26598 | . . . . . 804 104 1256 984 376 226 184 1617 251 2339 1031 864 125 286 6068 4838 5245 . Sensors 11097 | . . . . . 426 104 1238 984 376 226 184 1617 161 . 1022 864 125 286 3484 . . . Structural 60 | . . . . . . . . . . . . 12 48 . . . . . . . . . Seismic 1524 | . 477 767 . . 280 . . . . . . . . . . . . . . . . . Machine Analysis 2114 | . . . . 262 465 . . . . . . . . . . . . . 1387 . . . Cloaking 471 | . . . . . . . . . . . . . . . . . . . 471 . . . Jamming 41 | . . . . . . . . . . . . . . . . . . 8 33 . . . Robot Analysis Total 8 | . . . . 6 . . . . . . . . . . 1 1 . . . . . . Derelict Logs Recovered 3 | . . 1 . 2 . . . . . . . . . . . . . . . . . . Drone Launches . | . . . . . . . . . . . . . . . . . . . . . . . Drone Recoveries . | . . . . . . . . . . . . . . . . . . . . . . . Exploration | -11 -10 -10 -7 -7 -5 -5 -5 -5 -5 -5 -5 -4 -4 -4 -3 -3 -2 -2 -2 -1 -1 -1 ------------- Run | Yrd Mat Sub Rec Scr Fac Was Fac Ext Cet Arc Hub Fac Arm Lab Res Qua Res Tes Frg Acc Com Ac0 Turns Passed 34513 | 73 1322 1524 372 1698 816 104 1256 984 376 226 184 1617 251 2339 1031 864 125 286 6069 4846 7352 798 Spaces Moved 32173 | 50 675 855 233 1534 1676 314 2034 1285 344 276 400 3322 604 512 2165 1357 243 546 8171 1539 3671 367 Core 17 | 9 . . . . . . . . . . . . . 1 . . . . . . . 7 Treads 6632 | . 637 855 233 839 . . . . . . . . . . . . . . 1058 1539 1471 . Legs 2560 | . . . . . . . . . . . . . . . . . . . . . 2200 360 Wheels 79 | 41 38 . . . . . . . . . . . . . . . . . . . . . Hover . | . . . . . . . . . . . . . . . . . . . . . . . Flight 22885 | . . . . 695 1676 314 2034 1285 344 276 400 3322 604 511 2165 1357 243 546 7113 . . . Fastest Speed 5 | 50 95 160 160 44 30 32 17 17 21 28 21 5 5 40 14 14 14 5 5 148 118 50 Average Speed 61 | 75 156 160 160 108 32 32 33 26 29 28 27 26 26 40 28 23 23 20 36 152 139 118 Slowest Speed 250 | 95 160 160 160 160 44 34 34 28 100 28 28 28 105 250 120 24 24 84 160 158 170 120 Overloaded Moves 694 | . . . . . . . 44 8 2 . 50 76 64 . 15 14 6 15 400 . . . Propulsion Burnouts . | . . . . . . . . . . . . . . . . . . . . . . . Robots Hopped 60 | . . . . . 15 1 4 3 . 2 3 11 8 . 6 2 2 . 3 . . . Potential Cave-ins 32 | . . . . . . . . . . . . . . . . . 2 . 30 . . . Cave-ins Triggered 1 | . . . . . . . . . . . . . . . . . . . 1 . . . Teleports 2 | . . . . . . . . . . . . . . . . . . . . . 1 1 Exploration Rate (%) 63 | 5 98 52 48 82 51 95 57 86 84 88 47 72 56 94 60 86 14 57 77 55 71 33 Regions Visited 22 Branch Regions 14 Pre-discovered Areas 13 | . 2 . 2 1 3 . . . . . . 2 . . 2 1 . . . . . . Known Exits Taken 13 | . . . . . . . 1 1 1 1 1 1 1 1 1 1 1 1 1 . . . Unknown Exits Taken 7 | 1 1 1 1 1 . . . . . . . . . . . . . . . 1 1 . Scrap Searched 10 | . . 4 . 6 . . . . . . . . . . . . . . . . . . Spaces Dug 206 | . . 8 . . 22 . 29 4 . 2 2 57 7 . 18 4 2 7 13 4 27 . Terrain Destroyed 1675 | . 36 133 . . 22 . 29 4 6 2 2 73 30 . 18 4 5 7 222 394 392 296 Melee 159 | . . . . . 22 . 29 4 . 2 2 52 7 . 18 4 2 7 10 . . . Projectile 1205 | . . . . . . . . . 6 . . 21 . . . . 3 . 198 372 322 283 AOE 304 | . 36 133 . . . . . . . . . . 23 . . . . . 14 17 68 13 Terrain Rammed . | . . . . . . . . . . . . . . . . . . . . . . . Walls Destroyed . | . . . . . . . . . . . . . . . . . . . . . . . Machines Disabled . | . . . . . . . . . . . . . . . . . . . . . . . Actions | -11 -10 -10 -7 -7 -5 -5 -5 -5 -5 -5 -5 -4 -4 -4 -3 -3 -2 -2 -2 -1 -1 -1 --------- Run | Yrd Mat Sub Rec Scr Fac Was Fac Ext Cet Arc Hub Fac Arm Lab Res Qua Res Tes Frg Acc Com Ac0 Total 46154 | 72 819 957 232 1581 1843 315 2535 1878 587 393 463 3908 669 2635 2498 1830 301 687 11076 4335 6018 522 Wait 10443 | . 26 22 . . 52 . 416 505 197 94 53 414 44 2111 211 433 46 93 1859 2073 1765 29 Move 32037 | 49 674 854 232 1533 1650 311 2025 1278 343 272 394 3299 588 511 2152 1352 238 545 8163 1538 3670 366 Hop 53 | . . . . . 11 1 4 3 . 1 2 11 7 . 6 2 2 . 3 . . . Pick Up 341 | 7 16 6 . 16 3 1 13 2 1 . . 18 1 3 12 3 1 8 110 56 61 3 Fast Attach 148 | 5 3 5 . 6 18 . 6 3 4 4 . 10 7 3 20 3 . 4 32 3 12 . Attach 164 | 2 1 1 . 2 5 . 7 2 3 . 2 22 3 . 10 . 1 5 58 8 22 10 Detach 124 | 1 1 . . 3 12 . 1 2 2 2 3 13 1 1 10 . 1 2 60 3 6 . Swap 346 | . 13 25 . 3 1 1 6 2 . 2 . 4 1 . 13 2 . 2 67 131 66 7 Drop 358 | 1 8 11 . 18 11 1 10 3 5 1 1 15 5 1 19 3 1 11 113 58 60 2 Fire 1461 | 7 69 33 . . 2 . . . 24 . . 23 1 . . . 3 . 437 461 296 105 Melee 407 | . . . . . 58 . 47 16 . 17 2 79 11 5 45 32 2 17 52 . 24 . Ram . | . . . . . . . . . . . . . . . . . . . . . . . Kick 1 | . . . . . . . . . . . . . . . . . . . . . 1 . Crush 12 | . 8 . . . . . . . . . . . . . . . . . 2 1 1 . Escape Stasis 165 | . . . . . 18 . . 21 . . . . . . . . 6 . 115 3 2 . Rewire 64 | . . . . . 2 . . 25 . . . . . . . . . . 5 . 32 . Trap . | . . . . . . . . . . . . . . . . . . . . . . . Miscellaneous 30 | . . . . . . . . 16 8 . 6 . . . . . . . . . . . Route ------- -11/Scrapyard -10/Materials (discovered 5 exits: [*Mat x3] / [*Min] / *Sub) -10/Subcaves (discovered 2 exits: [*Mat] / *Rec) -7/Recycling -7/Scraptown (discovered 2 exits: *Fac x2) -5/Factory (discovered 5 exits: *Fac / *Upp x2 / Ext x2) -5/Waste -5/Factory (discovered 4 exits: *Fac x2 / Upp / *Ext) -5/Extension (discovered 2 exits: *Fac / *Cet) -5/Cetus (discovered 2 exits: *Fac / *Arc) -5/Archives (discovered 3 exits: *Fac / *Hub x2) -5/Hub_04(d) (discovered 4 exits: *Fac x4) -4/Factory (discovered 7 exits: *Res x4 / *Upp x2 / *Arm) -4/Armory -4/Lab -3/Research (discovered 5 exits: *Res x3 / *Qua x2) -3/Quarantine -2/Research (discovered 3 exits: Acc x2 / *Tes) -2/Testing (discovered 3 exits: Acc / [*Sec] / *Frg) -2/Protoforge -1/Access -1/Command (discovered 3 exits: [*Sur x2] / [*Ac0]) -1/Access_0 Near Former Tau Ceti IV History --------- Turn | Location | Event 13 | -11/Scrapyard | Discovered new exit (range 16) 74 | -11/Scrapyard | Entered Materials 305 | -10/Materials | Build established: Mutant 508 | -10/Materials | Discovered new exit (range 8) 707 | -10/Materials | Discovered new exit (range 16) 940 | -10/Materials | Discovered new exit (range 13) 1089 | -10/Materials | Discovered new exit (range 9) 1169 | -10/Materials | Destroyed 8 combat bots 1373 | -10/Materials | Discovered new exit (range 13) 1396 | -10/Materials | Entered Subcaves 1692 | -10/Subcaves | Core integrity fell below 50% 1737 | -10/Subcaves | Discovered new exit (range 15) 2086 | -10/Subcaves | Visited 4L-MR0's lab 2103 | -10/Subcaves | Found Rainbow Chip 2274 | -10/Subcaves | A swath of the cavern ceiling suddenly collapsed 2740 | -10/Subcaves | Discovered new exit (range 16) 2920 | -10/Subcaves | Entered Recycling 3252 | -7/Recycling | Scanned before Scraplab entrance 3276 | -7/Recycling | Entered Scraplab 3288 | -7/Recycling | Discovered new exit (range 2) 3292 | -7/Recycling | Entered Scraptown 3616 | -7/Scraptown | Heard Great Nut preacher, LISTEN AND RECITE! 3686 | -7/Scraptown | Discovered new exit (range 11) 3760 | -7/Scraptown | Scanned Subdweller tech in exchange for log data 3765 | -7/Scraptown | Learned Factory non-interactive machine intel 3766 | -7/Scraptown | Learned location of Extension (-5) 3811 | -7/Scraptown | Visited Comm Corps 3838 | -7/Scraptown | Visited Fellowship of the Rings 3874 | -7/Scraptown | Visited Shadow of the Wyrm 3890 | -7/Scraptown | Visited Assassins FH 3899 | -7/Scraptown | Visited Red Mages 3928 | -7/Scraptown | Visited Symbiants 3941 | -7/Scraptown | Visited Awakened 4053 | -7/Scraptown | Visited UFD Registry 4053 | -7/Scraptown | Registered with UFD as "Steeltube" 4088 | -7/Scraptown | Visited LU-1G1's Boring Crew 4110 | -7/Scraptown | Visited Supply Room 4133 | -7/Scraptown | Visited Infowarlord's Domain 4171 | -7/Scraptown | Visited Derelict Rescue Squad 4221 | -7/Scraptown | Visited Analyses Database 4262 | -7/Scraptown | Visited DA-N13 Charitable Foundation 4277 | -7/Scraptown | Found DCF Scrap (28 items) 4309 | -7/Scraptown | Visited Junk Repository 4488 | -7/Scraptown | Delivered Scrap Shield to a Scientist 4708 | -7/Scraptown | Visited A0-MCA Data Center 4754 | -7/Scraptown | Given an A+ rating by A0-MCA 4757 | -7/Scraptown | Found A0-MCA's Component Scanner 4899 | -7/Scraptown | Found Exp. Sensor Array 4965 | -7/Scraptown | Met Optimus 4965 | -7/Scraptown | Accepted into 0bPrime 4988 | -7/Scraptown | Discovered new exit (range 5) 4990 | -7/Scraptown | Entered Factory 4990 | -5/Factory | Evolved 10 slots: Propulsion x3, Utility x6, Weapon x1 4991 | -5/Factory | Loaded intel: 216 non-interactive machine locations 5153 | -5/Factory | Loaded intel: 8 recycling unit locations 5165 | -5/Factory | Learned location of Protoforge (-2) 5223 | -5/Factory | Discovered new exit (range 22) 5291 | -5/Factory | Build established: Derelict-Sprinter 5329 | -5/Factory | Repaired Xenon Bombardment Thruster 5523 | -5/Factory | Identified exit to Upper Caves 5523 | -5/Factory | Identified exit to Extension 5598 | -5/Factory | Spotted B-75 Beast 5690 | -5/Factory | Discovered new exit (range 19) 5704 | -5/Factory | Loaded intel: 84 trap records 5727 | -5/Factory | Learned Testing trap positions 5742 | -5/Factory | Learned Research machine intel 5745 | -5/Factory | Learned Testing security intel 5756 | -5/Factory | Learned 4 Research zone layouts 5760 | -5/Factory | Build established: Hacker-Scout 5806 | -5/Factory | Manually triggered Chute Trap 5806 | -5/Factory | Sucked down chute 5806 | -5/Factory | Entered Waste 5806 | -5/Waste | The area was eerily silent 5878 | -5/Waste | Discovered new exit (range 22) 5908 | -5/Waste | Identified exit to Factory 5910 | -5/Waste | Entered Factory 6048 | -5/Factory | Discovered new exit (range 14) 6048 | -5/Factory | Discovered exit to Extension (range 13) 6055 | -5/Factory | Discovered new exit (range 22) 6173 | -5/Factory | Loaded intel: 8 recycling unit locations 6285 | -5/Factory | Spotted B-75 Beast 6392 | -5/Factory | Scrapoids reinforcements arrived? 6702 | -5/Factory | Fabricated Cld. VTOL Module (x1) 6769 | -5/Factory | Fabricated Cld. VTOL Module (x1) 6842 | -5/Factory | Fabricated Cld. VTOL Module (x1) 7060 | -5/Factory | Fabricated Exp. Sensor Array (x1) 7128 | -5/Factory | Fabricated Impulse Thruster Array? 7166 | -5/Factory | Entered Extension 7210 | -5/Extension | Rescued a captive Derelict 7215 | -5/Extension | Rescued a captive Derelict 7288 | -5/Extension | Rescued a captive Derelict 7369 | -5/Extension | Spotted B-75 Beast 7370 | -5/Extension | Rescued a captive Derelict 7370 | -5/Extension | Rescued a captive Derelict 7393 | -5/Extension | Scrapoids reinforcements arrived? 7688 | -5/Extension | Build established: Commander-Scout 7735 | -5/Extension | Allies destroyed B-75 Beast 7744 | -5/Extension | Spotted B-75 Beast 7777 | -5/Extension | Allies destroyed B-75 Beast 7819 | -5/Extension | Rescued a captive Derelict 7820 | -5/Extension | Rescued a captive Derelict 7838 | -5/Extension | Rescued a captive Derelict 7839 | -5/Extension | Rescued a captive Derelict 7946 | -5/Extension | Rescued a captive Derelict 8027 | -5/Extension | Rescued a captive Derelict 8028 | -5/Extension | Rescued a captive Derelict 8043 | -5/Extension | Lost 4 allies 8050 | -5/Extension | Rescued A7 8059 | -5/Extension | Rescued a captive Derelict 8066 | -5/Extension | Discovered new exit (range 10) 8066 | -5/Extension | Discovered new exit (range 6) 8142 | -5/Extension | Identified exit to Cetus 8150 | -5/Extension | Entered Cetus 8150 | -5/Cetus | Accompanied by 11 allies (A7) 8155 | -5/Cetus | Acquired a Cetus Manufacturing Module code from A7 8162 | -5/Cetus | Spotted Cetus Guard 8162 | -5/Cetus | Spotted Cetus Guard 8164 | -5/Cetus | Spotted Cetus Guard 8166 | -5/Cetus | Spotted Cetus Guard 8168 | -5/Cetus | Allies destroyed Cetus Guard 8177 | -5/Cetus | Allies destroyed Cetus Guard 8184 | -5/Cetus | Allies destroyed Cetus Guard 8193 | -5/Cetus | Allies destroyed Cetus Guard 8219 | -5/Cetus | Started Cetus Manufacturing Module 8224 | -5/Cetus | Lost 3 allies 8240 | -5/Cetus | Escorted A7 to Cetus Mainframe 8242 | -5/Cetus | Discovered new exit (range 21) 8244 | -5/Cetus | Manufactured an Enhanced Grunt 8269 | -5/Cetus | Manufactured an Enhanced Grunt 8294 | -5/Cetus | Manufactured an Enhanced Grunt 8319 | -5/Cetus | Manufactured an Enhanced Grunt 8344 | -5/Cetus | Manufactured an Enhanced Grunt 8379 | -5/Cetus | Spotted Cetus Guard 8379 | -5/Cetus | Spotted Cetus Guard 8384 | -5/Cetus | Spotted Cetus Guard 8384 | -5/Cetus | Spotted Cetus Guard 8394 | -5/Cetus | Allies destroyed Cetus Guard 8452 | -5/Cetus | Destroyed Cetus Guard 8454 | -5/Cetus | Destroyed Cetus Guard 8457 | -5/Cetus | Extracted ID and sensor layout for unrecognized location from A7's data core 8466 | -5/Cetus | Lost 8 allies 8480 | -5/Cetus | Discovered new exit (range 21) 8487 | -5/Cetus | Met Revision 17 8496 | -5/Cetus | Identified exit to Archives 8502 | -5/Cetus | Found Prototype Device 8502 | -5/Cetus | Identified Exp. Thermal Shield 8526 | -5/Cetus | Entered Archives 8526 | -5/Archives | Accompanied by 5 allies 8635 | -5/Archives | Discovered new exit (range 22) 8676 | -5/Archives | Discovered new exit (range 14) 8691 | -5/Archives | Discovered new exit (range 18) 8730 | -5/Archives | Identified exit to Hub_04(d) 8752 | -5/Archives | Entered Hub_04(d) 8752 | -5/Hub_04(d) | Accompanied by 5 allies 8760 | -5/Hub_04(d) | Identified exit to Factory 8784 | -5/Hub_04(d) | Network Hub disabled 8889 | -5/Hub_04(d) | Network Hub disabled 8897 | -5/Hub_04(d) | Network Hub disabled 8897 | -5/Hub_04(d) | Spotted Lightning 8897 | -5/Hub_04(d) | Spotted Lightning 8897 | -5/Hub_04(d) | Spotted Lightning 8911 | -5/Hub_04(d) | Spotted Lightning 8928 | -5/Hub_04(d) | Network Hub disabled 8933 | -5/Hub_04(d) | Spotted Lightning 8934 | -5/Hub_04(d) | Spotted Lightning 8936 | -5/Hub_04(d) | Entered Factory 8936 | -4/Factory | Evolved 2 slots: Power x1, Propulsion x1 8972 | -4/Factory | Build established: Hacker-Scout 9034 | -4/Factory | Identified exit to Upper Caves 9034 | -4/Factory | Identified exit to Armory 9161 | -4/Factory | Learned location of Testing (-2) 9194 | -4/Factory | Learned Research emergency access door positions 9216 | -4/Factory | Identified exit to Research 9225 | -4/Factory | Spotted B-86 Titan 9227 | -4/Factory | Learned Testing terminal intel 9231 | -4/Factory | Learned Testing garrison access intel 9243 | -4/Factory | Learned Testing emergency access door positions 9314 | -4/Factory | Spotted B-86 Titan 9508 | -4/Factory | Loaded intel: 8 recycling unit locations 9903 | -4/Factory | Learned location of 1 exit from Quarantine 9923 | -4/Factory | Fabricated Cld. Field Propulsion Drive (x1) 9936 | -4/Factory | Learned Testing trap positions 9960 | -4/Factory | Learned Research terminal intel 9969 | -4/Factory | Fabricated Cld. Field Propulsion Drive (x1) 9972 | -4/Factory | Learned Testing terminal intel 9975 | -4/Factory | Learned location of 1 exit from Testing 9977 | -4/Factory | Learned Testing interactive machine intel 9978 | -4/Factory | Learned 4 Proximity Caves zone layouts 9986 | -4/Factory | Learned Armory emergency access door positions 10016 | -4/Factory | Fabricated Cld. Field Propulsion Drive (x1) 10031 | -4/Factory | Learned Testing emergency access door positions 10167 | -4/Factory | Fabricated Exp. Signal Interpreter (x1) 10215 | -4/Factory | Fabricated Cld. Field Propulsion Drive (x1) 10553 | -4/Factory | Entered Armory 10631 | -4/Armory | Loaded intel: 2 recycling unit locations 10638 | -4/Armory | Spotted B-86 Titan 10803 | -4/Armory | Search patrols dispatched 10803 | -4/Armory | Discovered new exit (range 3) 10803 | -4/Armory | Identified exit to Lab 10804 | -4/Armory | Core integrity fell below 50% 10804 | -4/Armory | Entered Lab 10804 | -4/Lab | Discovered exit to Research (range 9) 10809 | -4/Lab | Hidden lab's door opened automatically 10809 | -4/Lab | Sensor layout match revealed 10810 | -4/Lab | Gained access to the hidden lab's interior 10949 | -4/Lab | Found Prototype Energy Cannon 10949 | -4/Lab | Identified Warp Cannon 10952 | -4/Lab | Found Prototype Protection 10954 | -4/Lab | Found Prototype Hackware 11047 | -4/Lab | Build established: Mutant 13105 | -4/Lab | Found Alien Artifact 13105 | -4/Lab | Identified Integrated Dissipator 13105 | -4/Lab | Installed Integrated Dissipator, increased core heat dissipation (+20) 13113 | -4/Lab | Found Alien Artifact 13113 | -4/Lab | Identified Core Expander 13113 | -4/Lab | Installed Core Expander, added new Power slot 13122 | -4/Lab | Found Alien Artifact 13143 | -4/Lab | Entered Research 13143 | -3/Research | Evolved 2 slots: Weapon x2 13144 | -3/Research | Identified exit to Research 13146 | -3/Research | Loaded intel: 120 machine locations 13147 | -3/Research | Loaded intel: 25 terminal locations 13256 | -3/Research | Identified Quantum Router 13274 | -3/Research | Spotted B-86 Titan 13343 | -3/Research | Revision forces began assault on 0b10 13383 | -3/Research | Met up with Revision 17++ 13409 | -3/Research | Identified Exp. Powered Armor 13423 | -3/Research | Loaded intel: 5 recycling unit locations 13430 | -3/Research | Spotted B-86 Titan 13570 | -3/Research | Identified exit to Quarantine 13614 | -3/Research | Found Prototype Device 13614 | -3/Research | Identified Adv. EM Shield 13666 | -3/Research | Learned Testing security intel 13691 | -3/Research | Learned Access security intel 13694 | -3/Research | Build established: Scavenger-Scout 13707 | -3/Research | Learned Quarantine garrison access intel 13708 | -3/Research | Learned 4 Research zone layouts 13710 | -3/Research | Loaded intel: 6 scanalyzer locations 13723 | -3/Research | Learned Quarantine emergency access door positions 13827 | -3/Research | Fabricated Cld. Field Propulsion Drive (x1) 13843 | -3/Research | Research terminal network offline 13918 | -3/Research | Found Faulty Spectral Analyzer 13947 | -3/Research | Spotted Executioner 13947 | -3/Research | Spotted Striker 14057 | -3/Research | Fabricated Spectral Analyzer (x1) 14092 | -3/Research | Fabricated Cld. Field Propulsion Drive? 14126 | -3/Research | Build established: Hacker-Scout 14138 | -3/Research | Fabricated Cld. Field Propulsion Drive (x1) 14174 | -3/Research | Entered Quarantine 14177 | -3/Quarantine | Loaded intel: 1 garrison access location 14183 | -3/Quarantine | Cryocooling Duct disabled 14198 | -3/Quarantine | Ambient heat levels rising (+20) 14198 | -3/Quarantine | Non-combat units ordered to evacuate 14206 | -3/Quarantine | Found Alien Slashing Weapon 14206 | -3/Quarantine | Identified Sigix Broadsword 14261 | -3/Quarantine | Repaired Adv. Surge Thruster 14679 | -3/Quarantine | Found Alien Artifact 14718 | -3/Quarantine | Learned location of 1 exit from Quarantine 14880 | -3/Quarantine | Found Alien Artifact 14886 | -3/Quarantine | Found Alien Artifact 14902 | -3/Quarantine | Learned location of Section 7 (-2) 14982 | -3/Quarantine | Learned 4 Quarantine zone layouts 15038 | -3/Quarantine | Entered Research 15038 | -2/Research | Evolved 2 slots: Weapon x2 15039 | -2/Research | Identified exit to Access 15039 | -2/Research | Identified exit to Testing 15074 | -2/Research | Fabricated Cld. Field Propulsion Drive? 15116 | -2/Research | Spotted B-90 Cyclops 15121 | -2/Research | Spotted B-90 Cyclops 15163 | -2/Research | Entered Testing 15165 | -2/Testing | Loaded intel: 23 trap records 15167 | -2/Testing | Loaded intel: 16 interactive machine locations 15168 | -2/Testing | Loaded intel: 8 terminal locations 15169 | -2/Testing | Loaded intel: 1 garrison access location 15205 | -2/Testing | Found Prototype Energy Cannon 15253 | -2/Testing | Identified Potential Cannon 15275 | -2/Testing | Found Cld. Nova Cannon 15284 | -2/Testing | Spotted PG-IGHZYQ0PRZ 15294 | -2/Testing | Protovariant out of control (PG-IGHZYQ0PRZ) 15294 | -2/Testing | Unleashed a protovariant (PG-IGHZYQ0PRZ) 15294 | -2/Testing | Protovariant out of control (PY-DBY0EQC53Q) 15294 | -2/Testing | Unleashed a protovariant (PY-DBY0EQC53Q) 15314 | -2/Testing | Found Ragnarok Missile Launcher 15372 | -2/Testing | Found Exp. Transmission Jammer 15398 | -2/Testing | Spotted PY-DBY0EQC53Q 15425 | -2/Testing | Spotted Fortress 15439 | -2/Testing | Discovered new exit (range 5) 15439 | -2/Testing | Discovered new exit (range 6) 15440 | -2/Testing | Identified exit to Protoforge 15449 | -2/Testing | Entered Protoforge 15473 | -2/Protoforge | Superfortress began startup sequence 15500 | -2/Protoforge | Spotted Hotshot 15504 | -2/Protoforge | Spotted B-90 Cyclops 15543 | -2/Protoforge | Identified Terrabomb (x2) 15543 | -2/Protoforge | Used Terrabomb 15543 | -2/Protoforge | Additional patrols dispatched to research labs 15543 | -2/Protoforge | Spotted Immortal 15543 | -2/Protoforge | Spotted Immortal 15570 | -2/Protoforge | Crushed by falling debris 15583 | -2/Protoforge | Found Crosscalibrator 15655 | -2/Protoforge | Spotted Hotshot 15666 | -2/Protoforge | Spotted Hotshot 15666 | -2/Protoforge | Spotted Hotshot 15733 | -2/Protoforge | Spotted EXE-6 15733 | -2/Protoforge | Spotted EXE-6 15751 | -2/Protoforge | Spotted SKR-2 15751 | -2/Protoforge | Spotted SKR-2 15751 | -2/Protoforge | Spotted SKR-2 15756 | -2/Protoforge | UFD initiated attack on Protoforge 15756 | -2/Protoforge | Loaded intel: 3 recycling unit locations 15773 | -2/Protoforge | Found Exp. Armor Integrity Analyzer 15775 | -2/Protoforge | Found Exp. Core Analyzer 15779 | -2/Protoforge | Found Exp. Kinecellerator 15784 | -2/Protoforge | Fabricated Impulse Thruster Array? 15792 | -2/Protoforge | Optimus greeted in Protoforge 15800 | -2/Protoforge | Fabricated Cld. Field Propulsion Drive? 15800 | -2/Protoforge | Build established: Machinist-Scout 15801 | -2/Protoforge | Fabricated Cld. Field Propulsion Drive? 15817 | -2/Protoforge | P-80 Master assimilated allied 02F32-D 15829 | -2/Protoforge | Spotted EXE-6 15829 | -2/Protoforge | Spotted EXE-6 15832 | -2/Protoforge | Identified Transdimensional Reconstructor 15832 | -2/Protoforge | Forge Plexus network access discovered 15862 | -2/Protoforge | Spotted AP7-3 15905 | -2/Protoforge | Met 7R-MNS 16002 | -2/Protoforge | Spotted Striker 16020 | -2/Protoforge | UFD reported confirmed Drillbomb installation 16043 | -2/Protoforge | Lost 4 allies 16110 | -2/Protoforge | Spotted Striker 16138 | -2/Protoforge | UFD reported confirmed Drillbomb installation 16212 | -2/Protoforge | Spotted Decapitator 16212 | -2/Protoforge | Spotted Decapitator 16212 | -2/Protoforge | Spotted Decapitator 16374 | -2/Protoforge | Found Cep. Lightning Penetrator 16396 | -2/Protoforge | Spotted Executioner 16400 | -2/Protoforge | Spotted Executioner 16469 | -2/Protoforge | Destroyed Immortal 16527 | -2/Protoforge | Destroyed Immortal 16538 | -2/Protoforge | Spotted Immortal 16538 | -2/Protoforge | Spotted Immortal 16557 | -2/Protoforge | Destroyed Immortal 16570 | -2/Protoforge | Destroyed Immortal 16575 | -2/Protoforge | Spotted Decapitator 16575 | -2/Protoforge | Spotted Decapitator 16575 | -2/Protoforge | Spotted Decapitator 16586 | -2/Protoforge | Found Faulty Cep. Combat Aerolev Unit 16599 | -2/Protoforge | Found Faulty Cep. Gyrokinetic System 16610 | -2/Protoforge | Found Cep. Gyrokinetic System 16611 | -2/Protoforge | Found Faulty Cep. Biometal Exoskeleton 16634 | -2/Protoforge | Found Cep. Fieldthrust Drive 16697 | -2/Protoforge | Found Faulty Cep. Fieldthrust Drive 16751 | -2/Protoforge | Spotted Immortal 16751 | -2/Protoforge | Spotted Immortal 16751 | -2/Protoforge | Spotted V318-h 16751 | -2/Protoforge | Spotted V956-z 16751 | -2/Protoforge | Spotted V906-s 16803 | -2/Protoforge | Destroyed Immortal 16806 | -2/Protoforge | UFD reported confirmed Drillbomb installation 16808 | -2/Protoforge | Destroyed Immortal 16818 | -2/Protoforge | Spotted V721-s 16832 | -2/Protoforge | Spotted V207-o 16832 | -2/Protoforge | Found Cep. Smart ZDS 16846 | -2/Protoforge | Destroyed Decapitator 16846 | -2/Protoforge | Destroyed Decapitator 16846 | -2/Protoforge | Destroyed Decapitator 16869 | -2/Protoforge | Build established: Scavenger-Sprinter 16873 | -2/Protoforge | Found Faulty Cep. Zero-point Core 16875 | -2/Protoforge | Found Faulty Cep. Zero-point Core 16885 | -2/Protoforge | Found Faulty Cep. Zero-point Core 16888 | -2/Protoforge | Found Faulty Cep. Zero-point Core 16888 | -2/Protoforge | UFD reported confirmed Drillbomb installation 17030 | -2/Protoforge | Found Cep. Helical Railcannon 17068 | -2/Protoforge | Spotted V950-l 17077 | -2/Protoforge | Found Cep. Antigrav Storage Unit 17079 | -2/Protoforge | Found Cep. NT7 Matterbank 17084 | -2/Protoforge | UFD reported confirmed Drillbomb installation 17112 | -2/Protoforge | Destroyed Decapitator 17114 | -2/Protoforge | System corruption reached 10% 17114 | -2/Protoforge | Destroyed Decapitator 17114 | -2/Protoforge | Destroyed Decapitator 17172 | -2/Protoforge | UFD reported confirmed Drillbomb installation 17232 | -2/Protoforge | Found 0bPrime Scrap Suit 17240 | -2/Protoforge | Found Exp. Core Analyzer 17242 | -2/Protoforge | Spotted Executioner 17250 | -2/Protoforge | Found 0bPrime Scrap Suit 17256 | -2/Protoforge | Spotted Striker 17287 | -2/Protoforge | Spotted Striker 17287 | -2/Protoforge | Spotted Striker 17311 | -2/Protoforge | Lost 3 allies 17462 | -2/Protoforge | Found Cep. Helical Railcannon 17487 | -2/Protoforge | Found Cep. Matter Streamer 17488 | -2/Protoforge | Found Cep. Antigrav Storage Unit 17490 | -2/Protoforge | Found Cep. NT7 Matterbank 17607 | -2/Protoforge | Spotted AP7-3 17607 | -2/Protoforge | Spotted AP7-3 17678 | -2/Protoforge | Found Transdimensional Reconstructor 18074 | -2/Protoforge | Spotted V300-p 18074 | -2/Protoforge | Found Cep. EMP Blanket Launcher 18095 | -2/Protoforge | Found Cep. Chromion Battery 18196 | -2/Protoforge | Found Cep. Deflector Sword 18384 | -2/Protoforge | Destroyed AP7-3 18476 | -2/Protoforge | Identified Subatomic Replicator 18476 | -2/Protoforge | Used Subatomic Replicator to replicate Prototype Device 18477 | -2/Protoforge | Found Prototype Device 18632 | -2/Protoforge | Identified Cep. Thermoelectric Network (x2) 18640 | -2/Protoforge | Found Cep. Core Analysis Suite 18643 | -2/Protoforge | Found Faulty Cep. Dimensional Manipulator 18644 | -2/Protoforge | Found Faulty Cep. Dimensional Manipulator 18648 | -2/Protoforge | Found Faulty Cep. Cloak Mesh 18650 | -2/Protoforge | Found Cep. Cloak Mesh 18651 | -2/Protoforge | Found Cep. Impact Drone Bay 19109 | -2/Protoforge | Found Exp. Core Analyzer 19112 | -2/Protoforge | Spotted Executioner 19290 | -2/Protoforge | Found Cep. Recoil Nullifier 19317 | -2/Protoforge | Found Cep. Recoil Nullifier 19330 | -2/Protoforge | Build established: Sprinter 19373 | -2/Protoforge | Spotted Striker 19375 | -2/Protoforge | UFD reported confirmed Drillbomb installation 19375 | -2/Protoforge | Spotted Striker 19400 | -2/Protoforge | Spotted Executioner 19415 | -2/Protoforge | Spotted Striker 19466 | -2/Protoforge | UFD reported confirmed Drillbomb installation 19494 | -2/Protoforge | Found Exp. Core Analyzer 19509 | -2/Protoforge | UFD reported confirmed Drillbomb installation 19788 | -2/Protoforge | Core integrity fell below 50% 19790 | -2/Protoforge | Spotted Decapitator 19816 | -2/Protoforge | Destroyed Decapitator 19841 | -2/Protoforge | Build established: Scavenger-Scrapper 19875 | -2/Protoforge | Destroyed Superfortress 19915 | -2/Protoforge | Spotted Executioner 19915 | -2/Protoforge | Spotted Executioner 19922 | -2/Protoforge | Destroyed Executioner 19924 | -2/Protoforge | Spotted Striker 19926 | -2/Protoforge | Spotted Striker 19927 | -2/Protoforge | Destroyed Striker 19928 | -2/Protoforge | Destroyed Striker 19939 | -2/Protoforge | Destroyed Executioner 19946 | -2/Protoforge | Spotted Immortal 19960 | -2/Protoforge | Destroyed 13 combat bots 19969 | -2/Protoforge | Destroyed Immortal 20121 | -2/Protoforge | Found Faulty Cep. Matter Streamer 20322 | -2/Protoforge | Destroyed AP7-3 20630 | -2/Protoforge | Spotted Executioner 20645 | -2/Protoforge | Spotted Striker 20646 | -2/Protoforge | Spotted Executioner 20646 | -2/Protoforge | Destroyed Executioner 20646 | -2/Protoforge | Destroyed Executioner 20647 | -2/Protoforge | Spotted Striker 20652 | -2/Protoforge | Destroyed Striker 20653 | -2/Protoforge | Destroyed Striker 20680 | -2/Protoforge | Destroyed 10 combat bots 20869 | -2/Protoforge | Spotted Executioner 20880 | -2/Protoforge | Destroyed Executioner 20880 | -2/Protoforge | Spotted Executioner 20883 | -2/Protoforge | Destroyed Executioner 21043 | -2/Protoforge | Lost 3 allies 21063 | -2/Protoforge | Spotted Striker 21096 | -2/Protoforge | Spotted Executioner 21102 | -2/Protoforge | Spotted Executioner 21108 | -2/Protoforge | Destroyed Executioner 21109 | -2/Protoforge | Destroyed Executioner 21138 | -2/Protoforge | Lost 4 allies 21147 | -2/Protoforge | Spotted Striker 21150 | -2/Protoforge | Spotted Striker 21153 | -2/Protoforge | Destroyed Striker 21157 | -2/Protoforge | Destroyed Striker 21178 | -2/Protoforge | Spotted Executioner 21184 | -2/Protoforge | Spotted Striker 21186 | -2/Protoforge | Destroyed Executioner 21192 | -2/Protoforge | Destroyed Striker 21214 | -2/Protoforge | Spotted Executioner 21215 | -2/Protoforge | Spotted Striker 21216 | -2/Protoforge | Destroyed 13 combat bots 21218 | -2/Protoforge | Spotted Striker 21218 | -2/Protoforge | Spotted Executioner 21221 | -2/Protoforge | Destroyed Striker 21223 | -2/Protoforge | Destroyed Striker 21224 | -2/Protoforge | Destroyed Executioner 21242 | -2/Protoforge | Destroyed Executioner 21265 | -2/Protoforge | Destroyed 12 combat bots 21276 | -2/Protoforge | Spotted Striker 21281 | -2/Protoforge | Spotted Executioner 21287 | -2/Protoforge | Spotted Executioner 21292 | -2/Protoforge | Destroyed Striker 21300 | -2/Protoforge | Destroyed Executioner 21301 | -2/Protoforge | Destroyed Executioner 21322 | -2/Protoforge | Lost 5 allies 21333 | -2/Protoforge | Spotted Executioner 21334 | -2/Protoforge | Spotted Striker 21342 | -2/Protoforge | Destroyed Striker 21344 | -2/Protoforge | Destroyed Executioner 21362 | -2/Protoforge | Spotted Striker 21364 | -2/Protoforge | Spotted Executioner 21367 | -2/Protoforge | Destroyed 7 combat bots 21369 | -2/Protoforge | Destroyed Striker 21411 | -2/Protoforge | Spotted Striker 21411 | -2/Protoforge | Spotted Striker 21412 | -2/Protoforge | Spotted Striker 21416 | -2/Protoforge | Spotted Executioner 21420 | -2/Protoforge | Destroyed Striker 21422 | -2/Protoforge | Destroyed Striker 21422 | -2/Protoforge | Destroyed Striker 21426 | -2/Protoforge | Destroyed Executioner 21427 | -2/Protoforge | Discovered exit to Access (range 19) 21431 | -2/Protoforge | Spotted Striker 21431 | -2/Protoforge | Spotted Executioner 21435 | -2/Protoforge | Destroyed Executioner 21437 | -2/Protoforge | Destroyed Striker 21450 | -2/Protoforge | Lost 4 allies 21459 | -2/Protoforge | Destroyed 20 combat bots 21470 | -2/Protoforge | UFD reported confirmed Drillbomb installation 21471 | -2/Protoforge | UFD began Drillbomb countdown 21518 | -2/Protoforge | Entered Access 21518 | -1/Access | Evolved 2 slots: Utility x1, Weapon x1 21768 | -1/Access | First assault squad dispatched 21930 | -1/Access | High security lockdown imminent 21952 | -1/Access | Destroyed 8 combat bots 22010 | -1/Access | High security lockdown engaged 22153 | -1/Access | Destroyed 8 combat bots 22218 | -1/Access | Destroyed 8 combat bots 22288 | -1/Access | Spotted Investigator 22289 | -1/Access | Scanned by Researcher 22289 | -1/Access | Destroyed Investigator 22363 | -1/Access | Destroyed 17 combat bots 22466 | -1/Access | Spotted Executioner 22466 | -1/Access | Spotted Striker 22466 | -1/Access | Destroyed Executioner 22466 | -1/Access | Destroyed Striker 22507 | -1/Access | Destroyed 7 combat bots 22682 | -1/Access | Spotted Executioner 22682 | -1/Access | Destroyed Executioner 22684 | -1/Access | Destroyed Striker 22698 | -1/Access | Spotted Striker 22698 | -1/Access | Spotted Executioner 22698 | -1/Access | Spotted Striker 22698 | -1/Access | Destroyed Executioner 22699 | -1/Access | Destroyed Striker 22699 | -1/Access | Destroyed Striker 22712 | -1/Access | Spotted Executioner 22713 | -1/Access | Destroyed Executioner 22734 | -1/Access | Destroyed 23 combat bots 22844 | -1/Access | Destroyed 7 combat bots 22896 | -1/Access | Destroyed Striker 22916 | -1/Access | Spotted Executioner 22916 | -1/Access | Destroyed Executioner 22962 | -1/Access | Destroyed 19 combat bots 23008 | -1/Access | Spotted Executioner 23008 | -1/Access | Spotted Executioner 23010 | -1/Access | Destroyed Executioner 23012 | -1/Access | Destroyed Executioner 23049 | -1/Access | Destroyed 8 combat bots 23115 | -1/Access | Spotted Investigator 23116 | -1/Access | Destroyed Investigator 23165 | -1/Access | Destroyed 10 combat bots 23196 | -1/Access | Spotted Striker 23196 | -1/Access | Spotted Striker 23196 | -1/Access | Destroyed Striker 23198 | -1/Access | Destroyed Striker 23199 | -1/Access | Destroyed Executioner 23219 | -1/Access | Destroyed Executioner 23220 | -1/Access | Spotted Striker 23221 | -1/Access | Destroyed Striker 23252 | -1/Access | Destroyed 22 combat bots 23470 | -1/Access | Destroyed Executioner 23497 | -1/Access | Destroyed 17 combat bots 23514 | -1/Access | Destroyed Striker 23555 | -1/Access | Destroyed 9 combat bots 23571 | -1/Access | Destroyed Striker 23624 | -1/Access | Destroyed Executioner 23624 | -1/Access | Destroyed Striker 23694 | -1/Access | Destroyed Striker 23866 | -1/Access | Destroyed Executioner 23867 | -1/Access | Destroyed Striker 23868 | -1/Access | Destroyed Striker 23869 | -1/Access | Spotted Striker 23869 | -1/Access | Spotted Striker 23875 | -1/Access | Destroyed Striker 23876 | -1/Access | Destroyed Striker 23897 | -1/Access | Destroyed 20 combat bots 23933 | -1/Access | Spotted Striker 23934 | -1/Access | Destroyed Striker 23985 | -1/Access | Destroyed 20 combat bots 23988 | -1/Access | Spotted Investigator 23988 | -1/Access | Destroyed Investigator 23990 | -1/Access | Destroyed Executioner 23993 | -1/Access | Sterilization system engaged 24021 | -1/Access | Destroyed 21 combat bots 24065 | -1/Access | Spotted Executioner 24065 | -1/Access | Spotted Striker 24066 | -1/Access | Destroyed Executioner 24066 | -1/Access | Destroyed Striker 24071 | -1/Access | Destroyed Executioner 24081 | -1/Access | Spotted Striker 24093 | -1/Access | Destroyed 12 combat bots 24157 | -1/Access | Spotted Striker 24159 | -1/Access | Destroyed Striker 24236 | -1/Access | Destroyed Striker 24258 | -1/Access | Found Prototype Launcher 24293 | -1/Access | Ambient heat levels rising (+10) 24443 | -1/Access | Ambient heat levels rising (+10) 24507 | -1/Access | Spotted Striker 24508 | -1/Access | Spotted Striker 24511 | -1/Access | Destroyed Striker 24511 | -1/Access | Destroyed Striker 24593 | -1/Access | Ambient heat levels rising (+10) 24642 | -1/Access | Spotted Striker 24643 | -1/Access | Spotted Striker 24650 | -1/Access | Destroyed Striker 24722 | -1/Access | Spotted Executioner 24722 | -1/Access | Spotted Executioner 24728 | -1/Access | Spotted Striker 24730 | -1/Access | Spotted Striker 24733 | -1/Access | Destroyed Striker 24733 | -1/Access | Destroyed Striker 24739 | -1/Access | Destroyed Executioner 24739 | -1/Access | Destroyed Executioner 24743 | -1/Access | Ambient heat levels rising (+10) 24749 | -1/Access | Spotted Striker 24750 | -1/Access | Spotted Striker 24752 | -1/Access | Destroyed Striker 24754 | -1/Access | Destroyed Striker 24775 | -1/Access | Destroyed 8 combat bots 24893 | -1/Access | Ambient heat levels rising (+10) 25010 | -1/Access | Spotted B-99 Colossus 25043 | -1/Access | Ambient heat levels rising (+10) 25050 | -1/Access | Destroyed B-99 Colossus 25193 | -1/Access | Ambient heat levels rising (+10) 25343 | -1/Access | Ambient heat levels rising (+10) 25493 | -1/Access | Ambient heat levels rising (+10) 25643 | -1/Access | Ambient heat levels rising (+10) 25779 | -1/Access | Energy Cycler disabled 25793 | -1/Access | Ambient heat levels rising (+10) 25943 | -1/Access | Ambient heat levels rising (+10) 26093 | -1/Access | Ambient heat levels rising (+10) 26127 | -1/Access | Found Adv. Powered Armor 26129 | -1/Access | Found Adv. Powered Armor 26133 | -1/Access | Found Adv. Powered Armor 26243 | -1/Access | Ambient heat levels rising (+10) 26348 | -1/Access | Discovered new exit (range 10) 26364 | -1/Access | Entered Command 26429 | -1/Command | Spotted B-99 Colossus 26446 | -1/Command | Destroyed B-99 Colossus 26455 | -1/Command | Phase Generator disabled 26614 | -1/Command | First assault squad dispatched 26755 | -1/Command | Destroyed 9 combat bots 26771 | -1/Command | High security lockdown imminent 26851 | -1/Command | High security lockdown engaged 26972 | -1/Command | Spotted Striker 26974 | -1/Command | Destroyed Striker 27005 | -1/Command | Destroyed 16 combat bots 27081 | -1/Command | Destroyed Executioner 27085 | -1/Command | Destroyed Investigator 27106 | -1/Command | Destroyed 17 combat bots 27222 | -1/Command | Spotted Striker 27223 | -1/Command | Spotted Striker 27223 | -1/Command | Spotted Striker 27224 | -1/Command | Destroyed Striker 27224 | -1/Command | Destroyed Striker 27225 | -1/Command | Destroyed Striker 27228 | -1/Command | Destroyed Striker 27229 | -1/Command | Destroyed Striker 27234 | -1/Command | Spotted Investigator 27234 | -1/Command | Destroyed Investigator 27255 | -1/Command | Destroyed 21 combat bots 27449 | -1/Command | Destroyed Executioner 27452 | -1/Command | Destroyed Striker 27452 | -1/Command | Destroyed Striker 27455 | -1/Command | Spotted Executioner 27456 | -1/Command | Destroyed Executioner 27464 | -1/Command | Destroyed Executioner 27501 | -1/Command | Destroyed 25 combat bots 27698 | -1/Command | Spotted Striker 27699 | -1/Command | Destroyed Striker 27699 | -1/Command | Destroyed Executioner 27700 | -1/Command | Destroyed Striker 27709 | -1/Command | Destroyed Executioner 27710 | -1/Command | Destroyed Executioner 27711 | -1/Command | Destroyed Striker 27714 | -1/Command | Destroyed Executioner 27715 | -1/Command | Destroyed Executioner 27717 | -1/Command | Spotted Striker 27723 | -1/Command | Spotted Striker 27725 | -1/Command | Destroyed Striker 27727 | -1/Command | Destroyed Striker 27768 | -1/Command | Destroyed 35 combat bots 28334 | -1/Command | Spotted Striker 28335 | -1/Command | Destroyed Striker 28417 | -1/Command | System corruption reached 10% 28793 | -1/Command | Spotted M Guard 28793 | -1/Command | Spotted Combat Programmer 28794 | -1/Command | Spotted M Guard 28794 | -1/Command | Spotted Combat Programmer 28945 | -1/Command | Destroyed M Guard 28946 | -1/Command | Destroyed Combat Programmer 28948 | -1/Command | Destroyed Combat Programmer 28948 | -1/Command | Destroyed M Guard 28948 | -1/Command | All MAIN.C guards destroyed 29320 | -1/Command | 0b10 Conduit disabled 29320 | -1/Command | Met MAIN.C 29321 | -1/Command | Destroyed MAIN.C Shell 29322 | -1/Command | MAIN.C activated Command garrisons 29324 | -1/Command | Destroyed MAIN.C 29359 | -1/Command | Discovered new exit (range 43) 29359 | -1/Command | Discovered new exit (range 95) 29359 | -1/Command | Extracted map data and part IDs from MAIN.C's data core 29430 | -1/Command | Spotted B-99 Colossus 29432 | -1/Command | Destroyed B-99 Colossus 29881 | -1/Command | Found Exp. System Purifier 30010 | -1/Command | Found Null Cannon 30069 | -1/Command | Found Exp. Force Field 30303 | -1/Command | Build established: Mutant 30691 | -1/Command | Build established: Executioner 31702 | -1/Command | Found Enh. Gamma Rifle 32205 | -1/Command | Build established: Scavenger-Executioner 33019 | -1/Command | Found Zero-point Reactor 33021 | -1/Command | Found Zero-point Reactor 33302 | -1/Command | Found Exp. Targeting Computer 33397 | -1/Command | Found Exp. Core Analyzer 33712 | -1/Command | Warped through subspace to slip node 33712 | -1/Command | Discovered new exit (range 4) 33716 | -1/Command | Entered Access_0 33717 | -1/Access_0 | Architect warped through subspace 33722 | -1/Access_0 | Destroyed A8 33780 | -1/Access_0 | Architect warped through subspace 33815 | -1/Access_0 | Architect warped through subspace 33851 | -1/Access_0 | Architect warped through subspace 33880 | -1/Access_0 | Architect warped through subspace 33915 | -1/Access_0 | Architect warped through subspace 33937 | -1/Access_0 | Architect warped through subspace 33962 | -1/Access_0 | Architect warped through subspace 33984 | -1/Access_0 | Architect warped through subspace 34006 | -1/Access_0 | Architect warped through subspace 34011 | -1/Access_0 | A6 warped into view 34019 | -1/Access_0 | Destroyed A6 34029 | -1/Access_0 | Architect warped through subspace 34043 | -1/Access_0 | Architect warped through subspace 34057 | -1/Access_0 | Subspace Access Node disabled 34065 | -1/Access_0 | Architect warped through subspace 34080 | -1/Access_0 | Architect warped through subspace 34108 | -1/Access_0 | Architect warped through subspace 34141 | -1/Access_0 | Architect warped through subspace 34178 | -1/Access_0 | Architect warped through subspace 34210 | -1/Access_0 | Subspace Access Node disabled 34221 | -1/Access_0 | Architect warped through subspace 34251 | -1/Access_0 | Architect warped through subspace 34281 | -1/Access_0 | Architect warped through subspace 34301 | -1/Access_0 | Subspace Access Node disabled 34303 | -1/Access_0 | Architect warped through subspace 34334 | -1/Access_0 | Architect warped through subspace 34349 | -1/Access_0 | Architect warped through subspace 34368 | -1/Access_0 | Architect warped through subspace 34387 | -1/Access_0 | Architect warped through subspace 34406 | -1/Access_0 | Architect warped through subspace 34418 | -1/Access_0 | Architect warped through subspace 34425 | -1/Access_0 | Architect warped through subspace 34430 | -1/Access_0 | A5 warped into view 34438 | -1/Access_0 | Subspace Access Node disabled 34460 | -1/Access_0 | Destroyed A5 34485 | -1/Access_0 | Core integrity fell below 50% 34507 | -1/Access_0 | Destroyed Architect 34508 | -1/Access_0 | Architect triggered a singularity event 34510 | -1/Access_0 | Warped through subspace to slip node 34510 | -1/Access_0 | Discovered new exit (range 8) 34511 | -1/Access_0 | Released all parts (24) 34514 | *** | Escaped singularity! Last Messages --------------- 34511_ Released Graphene Brace. 34511_ Graphene Brace crushed and broken. 34511_ Released Enh. Quantum Rifle. 34511_ Enh. Quantum Rifle crushed and broken. 34511_ Released Adv. Powered Armor. 34511_ Adv. Powered Armor crushed and broken. 34511_ Released Neutron Cannon. 34511_ Neutron Cannon crushed and broken. 34511_ Released Neutron Cannon. 34511_ Neutron Cannon crushed and broken. 34511_ Released Imp. Matter Neutralizer. 34511_ Imp. Matter Neutralizer crushed and broken. 34511_ Released Zero-point Reactor. 34511_ Zero-point Reactor crushed and broken. 34511_ Released Exp. Core Analyzer. 34512_ A0_COM: 7. 34512_ Extracted 20 matter. 34513_ A0_COM: 6. 34514_ A0_COM: 5. Map ----- +----------------------------------------------------+ | | | | | | | | | | | | | | | | | | | | | | | | | | | | | | | | | ?????????????????????????????????????????????????? | | ?????????????????????????????????????????????????? | | ?????????????????????????????????????????????????? | | ?????????????????????????????????????????????????? | | ?????????????????????????????????????????????????? | | ?????????????????????????????????????????????????? | | ????????????????????????###??????????????????????? | | ???????????????????????## ##?????????????????????? | | ???????????????????????# #?????????????????????? | | ???????????????????????# @ #?????????????????????? | | ??????????????????????## #?????????????????????? | | ??????????????????????# ! #?????????????????????? | | ??????????????????????#===##?????????????????????? | | ??????????????????????##!!]#?????????????????????? | | ??????????????????????#=!!*#?????????????????????? | | ??????????????????????#][*##?????????????????????? | | ??????????????????????#=!=]#?????????????????????? | | ??????????????????????#=[*##?????????????????????? | | ??????????????????????##]*#??????????????????????? | | ???????????????????????####??????????????????????? | | ?????????????????????????????????????????????????? | | ?????????????????????????????????????????????????? | | ?????????????????????????????????????????????????? | | ?????????????????????????????????????????????????? | | ?????????????????????????????????????????????????? | | ?????????????????????????????????????????????????? | | ?????????????????????????????????????????????????? | | ?????????????????????????????????????????????????? | | ?????????????????????????????????????????????????? | | ?????????????????????????????????????????????????? | | ?????????????????????????????????????????????????? | | ?????????????????????????????????????????????????? | | ?????????????????????????????????????????????????? | | ?????????????????????????????????????????????????? | +----------------------------------------------------+ Best States ------------- Heat Dissipation 103 Energy Generation 57 Energy Capacity 4000 Matter Stores 1050 Matter Capacity 1050 Sight Range 24 Robot Scan Range 20 Terrain Scan Density 10 Jamming Range 22 Cloak Strength 9 Corruption Containment 12 Armor Coverage 800 Point Defense Rating 240 Projectile Deflection 15 Weapon Cycling 25 Evasion (%) 77 Targeting Accuracy 12 Melee Accuracy 12 Core Analysis 15 Recoil Reduction 105 Kinecelleration 66 Salvage Targeting 6 Offensive Hacking 44 Defensive Hacking 25 Authchip Count 4 Item Schematics ----------------- Impulse Thruster Array | -5/Factory | Hacked Cld. VTOL Module | -5/Factory | Hacked Exp. Sensor Array | -5/Factory | Scanalyzed Cld. Field Propulsion Drive | -4/Factory | Hacked Exp. Signal Interpreter | -4/Factory | Hacked Linear Accelerator | -3/Research | Hacked Spectral Analyzer | -3/Research | Scanalyzed Mic. Antimatter Reactor | -3/Quarantine | Hacked Cld. Phase Gun | -2/Protoforge | Archive Adv. EM Disruption Field | -2/Protoforge | Archive Electron Diverter | -2/Protoforge | Archive Centrium Medium Armor Plating | -2/Protoforge | Archive Exp. Core Analyzer | -2/Protoforge | Archive Exp. Terrain Scan Processor | -2/Protoforge | Archive Robot Schematics ------------------ R-06 Scavenger | -2/Protoforge | Archive T-07 Excavator | -2/Protoforge | Archive Fabricated ------------ Cld. VTOL Module | x1 | -5/Factory | Authchip Cld. VTOL Module | x1 | -5/Factory | Authchip Cld. VTOL Module | x1 | -5/Factory | Authchip Exp. Sensor Array | x1 | -5/Factory | Authchip Cld. Field Propulsion Drive | x1 | -4/Factory | Authchip Cld. Field Propulsion Drive | x1 | -4/Factory | Authchip Cld. Field Propulsion Drive | x1 | -4/Factory | Authchip Exp. Signal Interpreter | x1 | -4/Factory | Authchip Cld. Field Propulsion Drive | x1 | -4/Factory Cld. Field Propulsion Drive | x1 | -3/Research | Authchip Spectral Analyzer | x1 | -3/Research | Authchip Cld. Field Propulsion Drive | x1 | -3/Research | Authchip Cld. Field Propulsion Drive | x1 | -3/Research Cld. Field Propulsion Drive | x1 | -2/Research Impulse Thruster Array | x1 | -2/Protoforge Cld. Field Propulsion Drive | x1 | -2/Protoforge Cld. Field Propulsion Drive | x1 | -2/Protoforge Repaired ---------- Xenon Bombardment Thruster | 6% | -5/Factory Adv. Surge Thruster | 30% | -3/Quarantine Alien Tech Used ----------------- Integrated Dissipator Core Expander Sigix Broadsword Terrabomb Subatomic Replicator Transdimensional Reconstructor Achievements -------------- None Challenges ------------ None Game ------ Seed LobotomyIntegratedMultitool Manual? 0 Play Time 05:39:33 Cumulative 1029.1 hours Start 2025.07.23 @ 17:17:00 End 2025.07.24 @ 12:06:40 Sessions 8 Manual Loads 0 Difficulty Rogue Special Mode None Game No. 493 Rogue 492 Adventurer 1 Explorer 0 Win Type 6 Total 246 Types 137/23/41/9/2/1/9/10/6/8 Lore% 96 Gallery% 89 Achievement% 90 Wizard Run 0 Options --------- Layout 2 ASCII 0 Keyboard 0 Movement Arrows Keybinds 0 Fullscreen 2 Font 32/SmallcapsGlow Map View 50x44 Zoom Use 0% Tactical HUD 1 Map Filters NONE Filters NONE Steam 1 RUN: c18523ff-b8ca-40ad-9cdf-663fb5456192